 Dungeon Crawl Stone Soup version 0.30-a0-1124-g6e8f0f562f (webtiles) character file.

Game seed: 1978730194847400621

1945097 MrSquiggles the Archmage (level 27, 212/243 HPs)
             Began as a Human Conjurer on Apr 22, 2023.
             Was a Favourite Plaything of Xom.
             Escaped with the Orb
             ... and 4 runes on Apr 24, 2023!
             The game lasted 11:45:33 (103225 turns).

MrSquiggles the Archmage (Human Conjurer)         Turns: 103225, Time: 11:45:33

Health: 212/243    AC: 17    Str:  9    XL:     27
Magic:  50/63      EV: 14    Int: 46    God:    Xom [.....*]
Gold:   6773       SH: 16    Dex: 11    Spells: 1/80 levels left

rFire   + + +        j - +2 dagger (distort)
rCold   + + +        E - +3 warlock's mirror {omnireflect}
rNeg    + + .        v - +1 robe of Dogma {Int+3}
rPois   +            O - +0 hat "Ommuydur" {rN+ Str+3}
rElec   +            N - scarf {rC+ rF+}
rCorr   +            V - +5 pair of gloves of the Arcane {rN+ rCorr Dex-5}
SInv    .            Y - +2 pair of boots
Will    ++++.        h - amulet of Vitality {RegenMP++ Regen++}
Stlth   +            r - ring "Riliodgh" {*Corrode MP+9 Int+7}
HPRegen 2.20/turn    G - ring of the Mage {Wiz Archmagi}
MPRegen 1.18/turn

%: corrode self (3%), reflection, wizardry (x1), archmagi
@: brilliant, resistant, calling dragons, hasted, studying 4 skills, very quick
A: claws 1, horns 2, talons 1, iridescent scales 2, large bone plates 3, agile
1, clever 2, cold resistance 1, fire resistance 1, strong-willed 2, mutation
resistance 1, poison resistance, robust 1, shaggy fur 1, wild magic 1, noise
suppression
0: Orb of Zot
}: 4/15 runes: decaying, serpentine, slimy, silver
a: Renounce Religion


You escaped.
You worshipped Xom.
You were Xom's teddy bear.
You visited 14 branches of the dungeon, and saw 59 of its levels.
You visited 1 ziggurat, and saw 14 of its levels.
You also visited: Volcano and Desolation.

You collected 10864 gold pieces.
You spent 4091 gold pieces at shops.

Inventory:

Hand Weapons
 a - a +6 whip of chaos
 b - the +7 dagger "Kego" {heavy, *Noise rElec rCorr Int+8}
   (You found it on level 14 of a ziggurat)

   Int:       It affects your intelligence (+8).
   rElec:     It insulates you from electricity.
   *Noise:    It may make noises in combat.
   rCorr:     It protects you from acid and corrosion.
 j - a +2 dagger of distortion (weapon)
 Q - the +8 mithril axe "Arga" {speed, Will+}
   (You found it on level 7 of a ziggurat)

   Will:      It increases your willpower.
Armour
 v - the +1 robe of Dogma (worn) {Int+3}
   (You found it on level 5 of the Vaults)

   Int:       It affects your intelligence (+3).
 E - the +3 warlock's mirror (worn) {omnireflect}
   (You acquired it on level 10 of the Dungeon)

   Omnireflect: It can block and reflect piercing ranged attacks and magical
   attacks against the wielder's willpower.
 N - a scarf of resistance (worn)
 O - the +0 hat "Ommuydur" (worn) {rN+ Str+3}
   (You found it on level 1 of the Depths)

   Str:       It affects your strength (+3).
   rN:        It protects you from negative energy.
 V - the +5 pair of gloves of the Arcane (worn) {rN+ rCorr Dex-5}
   (You found it in the Desolation of Salt)

   Dex:       It affects your dexterity (-5).
   rN:        It protects you from negative energy.
   rCorr:     It protects you from acid and corrosion.
 Y - a +2 pair of boots (worn)
Magical Staves
 C - the staff of air "Jiukes" {rElec Str+4 SInv, !a}
   (You found it on level 11 of a ziggurat)

   [staff of air]

   Base accuracy: +5 Base damage: 5 Base attack delay: 1.2 This weapon's minimum
   attack delay (0.6) is reached at skill level 12.
   Str:       It affects your strength (+4).
   rElec:     It insulates you from electricity.
   SInv:      It lets you see invisible.
   It falls into the 'Staves' category.
   It is a one-handed weapon.
Jewellery
 h - the amulet of Vitality (around neck) {RegenMP++ Regen++}
   (You found it on level 2 of a ziggurat)

   [amulet of magic regeneration]

   It increases your rate of magic regeneration.
   Regen:     It increases your rate of health regeneration.
 r - the ring "Riliodgh" (left hand) {*Corrode MP+9 Int+7}
   (You acquired it on level 14 of the Dungeon)

   [ring of magical power]

   Int:       It affects your intelligence (+7).
   MP:        It affects your magic capacity (+9).
   *Corrode:  It may corrode you when you take damage.
 t - the ring of the Hero {Will+ SInv}
   (You found it on level 5 of a ziggurat)

   [ring of willpower]

   SInv:      It lets you see invisible.
   Will:      It increases your willpower.
 F - the ring of the Hare {EV+10}
   (You found it on level 13 of a ziggurat)

   [ring of evasion]

   EV:        It affects your evasion (+10).
 G - the ring of the Mage (right hand) {Wiz Archmagi}
   (You found it in the Desolation of Salt)

   [ring of wizardry]

   It improves your spell success rate.
   Archmagi:  It increases the power of your magical spells.
 H - the amulet "Hapinuih" {Reflect Regen+ SH+5}
   (You found it in the Desolation of Salt)

   [amulet of reflection]

   It reflects blocked missile attacks.
   Regen:     It increases your rate of health regeneration.
   SH:        It affects your SH (+5).
 U - the ring of Impatience {+Blink rF+ rC+ Slay-3}
   (You took it off a deep elf knight on level 3 of the Elven Halls)

   [ring of protection from cold]

   Slay:      It affects your accuracy & damage with ranged weapons and melee
   (-3).
   rF:        It protects you from fire.
   rC:        It protects you from cold.
   +Blink:    It lets you blink.
Wands
 c - a wand of charming (28)
 u - a wand of roots (94)
 I - a wand of digging (25)
 J - a wand of light (34)
 T - a wand of polymorph (69)
 Z - a wand of mindburst (74) (quivered)
Scrolls
 e - 14 scrolls of teleportation
 g - a scroll of amnesia
 i - 5 scrolls of magic mapping
 l - 10 scrolls of vulnerability
 m - 6 scrolls of butterflies
 n - 11 scrolls of fog
 o - 6 scrolls of silence
 z - 10 scrolls of immolation
 A - 8 scrolls of poison
 K - 7 scrolls of torment
 L - 5 scrolls of blinking
 R - a scroll of enchant armour
 S - 12 scrolls of fear
Potions
 d - a potion of cancellation
 f - 6 potions of heal wounds
 p - 15 potions of flight
 q - 8 potions of ambrosia
 w - 15 potions of mutation
 x - a potion of haste
 B - 28 potions of curing
 M - a potion of magic
 P - 2 potions of invisibility
 W - a potion of brilliance
 X - a potion of resistance
Miscellaneous
 k - a box of beasts
 s - a phantom mirror
 y - a lightning rod (4/4)
 D - a piece from Xom's chessboard (15/15)


   Skills:
 + Level 19.1 Fighting
 - Level 5.0 Armour
 - Level 9.0 Dodging
 - Level 6.0 Stealth
 - Level 5.0 Shields
 O Level 27 Spellcasting
 - Level 21.2 Conjurations
 - Level 14.0 Hexes
 - Level 16.1 Summonings
 - Level 12.0 Necromancy
 - Level 10.1 Transmutations
 - Level 14.8 Fire Magic
 - Level 3.0 Ice Magic
 - Level 21.0 Air Magic
 - Level 12.0 Evocations


You had one spell level left.
You knew the following spells:

 Your Spells              Type           Power      Damage    Failure   Level
a - Magic Dart            Conj           100%       1d8       1%          1
b - Necromutation         Tmut/Necr      85%        N/A       12%         8
c - Chain Lightning       Conj/Air       99%        3d132     3%          9
d - Iron Shot             Conj/Erth      84%        9d15      1%          6
e - Iskenderun's Mystic   Conj/Tloc      100%       2d19      1%          4
f - Sublimation of Blood  Necr           100%       N/A       1%          2
g - Enfeeble              Hex            90%        N/A       1%          7
h - Yara's Violent Unrav  Hex/Tmut       86%        3d31      1%          5
i - Irradiate             Conj/Tmut      92%        3d42      1%          5
j - Borgnjor's Vile Clut  Necr/Erth      74%        N/A       1%          5
k - Dragon's Call         Summ           93%        N/A       21%         9
l - Fire Storm            Conj/Fire      96%        8d24      11%         9
m - Plasma Beam           Fire/Air       95%        2x1d125   1%          6
n - Summon Guardian Gole  Hex/Summ       100%       N/A       1%          3

Your spell library contained the following spells:

 Spells                   Type           Power      Damage    Failure   Level
 Apportation              Tloc           100%       N/A       1%          1
 Beastly Appendage        Tmut           100%       N/A       1%          1
 Foxfire                  Conj/Fire      100%       2x1d9     1%          1
 Freeze                   Ice            100%       1d10      1%          1
 Kiss of Death            Conj/Necr      100%       2d13      1%          1
 Necrotise                Necr           100%       1d9       1%          1
 Sandblast                Erth           100%       2d20      1%          1
 Shock                    Conj/Air       100%       1d9       1%          1
 Slow                     Hex            100%       N/A       1%          1
 Sting                    Tmut/Pois      100%       1d8       1%          1
 Summon Small Mammal      Summ           100%       N/A       1%          1
 Call Imp                 Summ           100%       N/A       1%          2
 Cigotuvi's Dreadful Rot  Necr/Pois/Air  100%       N/A       1%          2
 Ensorcelled Hibernation  Hex/Ice        100%       N/A       1%          2
 Passwall                 Tmut/Erth      100%       N/A       1%          2
 Poisonous Vapours        Pois/Air       100%       N/A       1%          2
 Searing Ray              Conj           100%       2d8       1%          2
 Wereblood                Tmut           100%       N/A       1%          2
 Call Canine Familiar     Summ           100%       N/A       1%          3
 Confusing Touch          Hex            100%       N/A       1%          3
 Dazzling Flash           Conj/Hex       100%       N/A       1%          3
 Frozen Ramparts          Ice            100%       1d16      1%          3
 Hailstorm                Conj/Ice       100%       3d20      1%          3
 Ignite Poison            Fire/Tmut/Pois 100%       N/A       1%          3
 Inner Flame              Hex/Fire       100%       N/A       1%          3
 Mephitic Cloud           Conj/Pois/Air  100%       N/A       1%          3
 Portal Projectile        Hex/Tloc       100%       N/A       1%          3
 Spider Form              Tmut/Pois      100%       N/A       1%          3
 Stone Arrow              Conj/Erth      100%       3d13      1%          3
 Swiftness                Air            100%       N/A       1%          3
 Tukima's Dance           Hex            100%       N/A       1%          3
 Vampiric Draining        Necr           100%       2d13      1%          3
 Vhi's Electric Charge    Tloc/Air       100%       N/A       1%          3
 Volatile Blastmotes      Fire/Tloc      100%       2d18      1%          3
 Airstrike                Air            99%        2d(15-31) 1%          4
 Anguish                  Hex/Necr       88%        N/A       1%          4
 Animate Armour           Summ/Erth      100%       N/A       1%          4
 Animate Dead             Necr           100%       N/A       1%          4
 Cause Fear               Hex            90%        N/A       1%          4
 Dispel Undead            Necr           100%       3d31      1%          4
 Flame Wave               Conj/Fire      100%       2d21      1%          4
 Fulminant Prism          Conj/Hex       95%        3d39      1%          4
 Ice Form                 Ice/Tmut       100%       N/A       1%          4
 Leda's Liquefaction      Hex/Erth       76%        N/A       1%          4
 Petrify                  Tmut/Erth      100%       N/A       1%          4
 Sticky Flame             Conj/Fire      100%       2d11      1%          4
 Summon Ice Beast         Ice/Summ       100%       N/A       1%          4
 Summon Lightning Spire   Summ/Air       100%       N/A       1%          4
 Alistair's Intoxication  Tmut/Pois      96%        N/A       1%          5
 Arcjolt                  Conj/Air       99%        1d109     1%          5
 Blade Hands              Tmut           83%        N/A       1%          5
 Fireball                 Conj/Fire      96%        3d35      1%          5
 Freezing Cloud           Conj/Ice/Air   91%        6-21      1%          5
 Iskenderun's Battlesphe  Conj           100%       2d15      1%          5
 Metabolic Englaciation   Hex/Ice        80%        N/A       1%          5
 Silence                  Hex/Air        95%        N/A       1%          5
 Summon Forest            Summ/Tloc      79%        N/A       1%          5
 Summon Mana Viper        Hex/Summ       100%       N/A       1%          5
 Conjure Ball Lightning   Conj/Air       99%        3x3d38    1%          6
 Death Channel            Necr           86%        N/A       1%          6
 Simulacrum               Ice/Necr       77%        N/A       1%          6
 Starburst                Conj/Fire      96%        6d24      1%          6
 Summon Cactus Giant      Summ           93%        N/A       1%          6
 Haunt                    Necr/Summ      90%        N/A       1%          7
 Monstrous Menagerie      Summ           93%        N/A       1%          7
 Orb of Destruction       Conj           100%       9d21      1%          7
 Spellforged Servitor     Conj/Summ      96%        N/A       1%          7
 Summon Hydra             Summ           93%        N/A       1%          7
 Summon Horrible Things   Summ           93%        N/A       1%          8
 Olgreb's Toxic Radiance  Pois           100%       N/A       2%          4
 Passage of Golubria      Tloc           100%       N/A       2%          4
 Dragon Form              Tmut           83%        N/A       2%          7
 Eringya's Noxious Bog    Tmut/Pois      72%        N/A       3%          6
 Statue Form              Tmut/Erth      96%        N/A       3%          6
 Ignition                 Fire           91%        3d23      3%          8
 Discord                  Hex            90%        N/A       4%          8
 Lee's Rapid Deconstruct  Erth           55%        3d26*     5%          5
 Malign Gateway           Summ/Tloc      79%        N/A       6%          7
 Borgnjor's Revivificati  Necr           86%        N/A       9%          8
 Infestation              Necr           86%        N/A       9%          8
 Lehudib's Crystal Spear  Conj/Erth      84%        10d19     14%         8
 Ozocubu's Refrigeration  Ice            66%        4d22      34%         7
 Death's Door             Necr           86%        N/A       67%         9
 Disjunction              Tloc           55%        N/A       100%        8
 Polar Vortex             Ice            66%        N/A       100%        9


Dungeon Overview and Level Annotations

Branches:
Dungeon (15/15)            Temple (1/1) D:5            Lair (5/5) D:10
  Swamp (4/4) Lair:2        Snake (4/4) Lair:3        Slime (5/5) Lair:4
    Orc (2/2) D:11            Elf (3/3) Orc:2        Vaults (5/5) D:14
  Crypt (3/3) Vaults:3       Tomb (2/3) Crypt:3      Depths (4/4) D:15
   Hell (visited)             Zot (5/5) Depths:4    Volcano (visited)
Desolation (visited)
    Dis: Hell:1         Geh: Hell:1         Coc: Hell:1         Tar: Hell:1

Altars:
Ashenzari
Cheibriados
Dithmenos
Elyvilon
Fedhas
Gozag
Hepliaklqana
Kikubaaqudgha
Makhleb
Nemelex Xobeh
Okawaru
Qazlal
Ru
Sif Muna
Trog
Uskayaw
Vehumet
Wu Jian
Xom
Yredelemnul
Zin
The Shining One
Jiyva

Shops:
D:5 [   D:6 *   D:9 ?   D:12 =   Orc:2 ??(:   Elf:3 [   Snake:1 (   Snake:4 !
Vaults:2 [   Depths:4 ![(

Portals:
Hell: Depths:1 Depths:2 Depths:3 Depths:4
Abyss: Depths:3
Pandemonium: Orc:2 Depths:2

Annotations:
Zot:3 2 transporters, exclusion: orb of fire
Abyss:1 Geryon


Innate Abilities, Weirdness & Mutations

You have sharp fingernails.
You have a pair of horns on your head.
You have sharp toenails.
You are mostly covered in iridescent scales. (AC +4)
You are completely covered in large bone plates. (SH +8)
You are agile. (Dex +4, Str/Int -1)
Your mind is very acute. (Int +8, Str/Dex -2)
Your flesh is cold resistant. (rC+)
Your flesh is heat resistant. (rF+)
You are highly strong-willed. (Will++)
You are somewhat resistant to further mutation.
Your system is resistant to poisons. (rPois)
You are robust. (+10% HP)
You are covered in fur. (AC +1)
Your spells are a little harder to cast, but a little more powerful.
You passively dampen the noise of your surroundings.


Message History

Your golden dragon claws the sun demon!
The sun demon dies!
A balrug comes into view.
It is wielding a +2 demon whip of electrocution.
Your golden dragon closely misses the balrug.
Your golden dragon claws the balrug!
Your golden dragon tramples the balrug but does no damage.
The balrug gestures at you. Something smites you!
Your storm dragon breathes lightning at the balrug.
The bolt of lightning hits the balrug!!
Aiming: Dig
Press: ? - help, Shift-Dir - straight line, f - you Please select a direction to dig.
This square is covered in magical glow.
The rock shatters into small pieces.
The balrug hits your storm dragon with a +2 demon whip of electrocution.
Your storm dragon is engulfed in flames!!
Your golden dragon bites the balrug.
Your golden dragon claws the balrug.
Your golden dragon tramples the balrug!
The balrug holds its ground!
Your storm dragon bites the balrug!
The balrug dies!
A sun demon comes into view.
Your storm dragon bites the sun demon.
Your storm dragon claws the sun demon but does no damage.
Your storm dragon tramples the sun demon but does no damage.
Your golden dragon bites the sun demon!
Your golden dragon misses the sun demon.
Your golden dragon tramples the sun demon!
The sun demon holds its ground!
There is a staircase leading out of the dungeon here.
The sun demon hits your golden dragon.
Your golden dragon is engulfed in flames.
Your golden dragon resists.
Your storm dragon bites the sun demon!
Your storm dragon closely misses the sun demon.
Your storm dragon tramples the sun demon.
The sun demon holds its ground!
Your golden dragon bites the sun demon!
The sun demon dies!
Your life force feels restored.
You have escaped!

...##...##.#.8.8.#.#.............
...##.>.'..#.....#...#.........##
.#.##...##.#######.............##
.#.###...#.# #.............##
...# #...#.# #####...####.......#
...# #####.###..##...## #.......#
...#######.##....#....###........
...#..#>##)##..#.#.....##......#.
...#....##DD'...@.......##.######
...#..####.##..#.#.#.##..#.# #..
...#..'....##....#.#.###.#.# #.#
...#..####.###..##.#..##.#.####>#
...#....##.# #####.##.##.#......#
...#....##)# ####....#..#####
...#######.##########....#.##
[..........................#
..............#######....#.###


You could see a friendly golden dragon (summoned) and a friendly storm dragon
(summoned, catching breath).

Vanquished Creatures
  the Royal Jelly (Slime:5)
  4 orbs of fire
  5 ancient liches
  8 dread liches
  Parghit (Depths:3)
  13 royal mummies
  Vv (Depths:2)
  7 Killer Klowns (Zot:5)
  A curse toe (Zot:2)
  8 golden dragons
  3 bone dragons
  A profane servitor (Zig:10)
  4 doom hounds
  5 electric golems
  2 pearl dragons (Zig:8)
  4 Brimstone Fiends
  27 Orb Guardians
  21 tentacled monstrosities
  A hellephant (Zig:13)
  9 liches
  4 deep elf blademasters
  8 searing wretches
  Grunn (Crypt:3)
  10 titans
  6 quicksilver dragons
  4 deep elf master archers
  2 thorn hunters
  7 death cobs
  14 ancient champions
  Gastronok (Lair:2)
  12 sphinxes
  12 acid blobs
  Agnes (Elf:2)
  13 shadow dragons
  3 tengu reavers
  20 storm dragons
  A storm dragon (shapeshifter) (Vaults:5)
  5 draconian knights
  8 frost giants
  The ghost of relicbr the Blinker, an adept SpDe of Dithmenos (Swamp:2)
  7 revenants
  4 fire giants
  8 azure jellies
  A daeva (Zig:8)
  10 draconian monks
  Roxanne (D:15)
  An iron dragon (Vaults:5)
  7 nagarajas (Snake:4)
  7 rockslimes
  A quicksilver elemental (Zig:1)
  8 deep elf sorcerers
  2 imperial myrmidons (Desolation)
  6 ghost moths
  4 balrugs (Zig:13)
  4 orc warlords
  3 draconian scorchers
  An angel (Zig:8)
  3 curse skulls
  4 deep elf elementalists
  12 ironbound preservers
  11 vault wardens
  4 draconian annihilators
  4 draconian stormcallers
  A juggernaut zombie (Crypt:3)
  A caustic shrike skeleton (Crypt:2)
  3 draconian shifters
  7 quicksilver oozes
  19 very ugly things
  A juggernaut skeleton (Crypt:3)
  11 ghouls
  6 ironbound thunderhulks
  18 stone giants
  7 war gargoyles
  14 vampire knights
  An ophan (Zig:8)
  3 reapers (Hell)
  2 apis (Zig:8)
  4 bennus (Tomb:2)
  6 black draconians
  6 deep elf demonologists
  Nessos (Orc:2)
  9 dire elephants
  10 purple draconians
  7 deep elf annihilators
  12 green draconians
  9 white draconians
  4 eleionomae
  A lorocyproca (Depths:4)
  2 halazid warlocks (Desolation)
  13 yellow draconians
  8 spark wasps
  3 bunyips
  10 red draconians
  6 crystal guardians
  2 merfolk javelineers (Depths:2)
  A spectral quicksilver dragon (Depths:2)
  8 eidola
  4 green deaths
  2 quicksilver dragon zombies (Crypt:3)
  12 yaktaur captains
  The ghost of Orangeyouglad the Pious, a journeyman HuIE of Zin (Lair:3)
  8 jiangshi
  23 ettins
  3 deep elf death magi
  An entropy weaver (Vaults:1)
  A merfolk impaler (Depths:2)
  A fire dragon (D:12)
  A shambling mangrove (Swamp:1)
  2 spectral fenstrider witches (Swamp:2)
  12 mummy priests
  5 deep elf high priests (Elf:3)
  7 great orbs of eyes
  5 ragged hierophants (Desolation)
  7 rakshasas
  23 hydras
  4 salamander tyrants
  2 fenstrider witch zombies
  4 servants of whispers (Desolation)
  A juggernaut simulacrum (Crypt:3)
  An ogre mage (Vaults:5)
  A catoblepas (shapeshifter) (Vaults:5)
  7 ironbound frosthearts
  4 spriggan air magi
  8 ice dragons
  Erolcha (D:10)
  A catoblepas (Lair:5)
  A ghost crab (Swamp:3)
  33 vault guards
  7 anacondas
  7 peacekeepers
  A radroach (Zig:3)
  10 centaur warriors
  A hell beast (Swamp:4)
  2 demonspawn (Orc:2)
  3 two-headed ogres (D:12)
  2 death knights (D:12)
  12 alligators
  Erica (D:9)
  A stoker (Hell)
  18 death yaks
  A two-headed ogre (shapeshifter) (Vaults:3)
  7 boulder beetles
  2 deep troll shamans (Depths:3)
  A merfolk aquamancer (D:14)
  9 naga warriors
  6 tengu warriors
  8 vampire magi
  5 spriggan berserkers
  77 death scarabs
  4 deep troll earth magi
  19 hell hogs
  Urug (Lair:3)
  2 orc high priests (Orc:2)
  14 naga sharpshooters
  7 shock serpents
  Nergalle (Lair:3)
  A titan zombie (Crypt:3)
  13 spriggans
  9 soul eaters
  The ghost of AlpineCheese the Frost Mage, a novice MfIE of Kikubaaqudgha (D:9)
  A shock serpent (shapeshifter) (Depths:1)
  24 deep elf knights
  2 sun demons
  4 shadow wraiths
  3 titan skeletons
  5 sea snakes (Snake:4)
  3 bunyip zombies
  2 storm dragon skeletons
  A death drake (shapeshifter) (Zig:5)
  5 hell knights (Hell)
  4 iron trolls (Depths:3)
  An anaconda zombie (Crypt:3)
  A sea snake (shapeshifter) (Elf:2)
  3 skysharks
  53 skeletal warriors
  5 goliath frogs
  2 death drakes (Zig:14)
  2 salamander mystics
  3 cherubim (Zig:8)
  3 glowing orange brains
  An orb spider (shapeshifter) (Vaults:2)
  A spark wasp zombie (Depths:2)
  5 spriggan druids
  21 ironbound convokers
  14 deep elf archers
  3 naga ritualists
  37 deep trolls
  10 flayed ghosts
  3 orange crystal statues
  3 obsidian statues
  8 swamp dragons
  15 necromancers
  2 orb spiders (Zig:3)
  2 bunyip skeletons (Crypt:3)
  23 deep elf zephyrmancers
  7 orc knights
  A shadow dragon zombie (Crypt:3)
  2 anaconda skeletons (Crypt:3)
  6 wizards
  9 bog bodies
  A fenstrider witch simulacrum (Swamp:2)
  4 lindwurms
  The ghost of pokeman the Thaumaturge, a novice DEHW of Vehumet (D:6)
  25 deep elf pyromancers
  21 phantasmal warriors
  A steelbarb worm (Zig:3)
  2 spectral spriggans (Swamp:2)
  2 stone giant zombies
  2 shadow dragon skeletons
  8 orc sorcerers
  48 ugly things
  6 shining eyes
  7 salamanders
  2 mana vipers
  5 will-o-the-wisps
  An iron dragon skeleton (Crypt:3)
  A salamander (shapeshifter) (D:14)
  An elephant (shapeshifter) (Zig:5)
  5 cyclopes
  4 manticores
  A sphinx skeleton (Vaults:5)
  9 elephants
  17 moths of wrath
  18 naga magi
  A torpor snail (Lair:5)
  2 guardian serpents
  A demonic crawler (Depths:1)
  2 stone giant skeletons
  21 vault sentinels
  42 slime creatures
  A cane toad (shapeshifter) (Vaults:5)
  5 orange demons
  5 rust devils (Hell)
  A storm dragon simulacrum (Depths:2)
  A centaur skeleton (Crypt:3)
  28 black mambas
  A rime drake (shapeshifter) (D:15)
  A black draconian zombie (Crypt:3)
  Maggie (D:8)
  20 cane toads
  2 dire elephant skeletons
  A kobold demonologist (D:12)
  4 unseen horrors
  3 gargoyles
  5 komodo dragons
  A sea snake zombie (Hell)
  5 rime drakes
  8 ice devils
  A death yak skeleton (Crypt:1)
  3 hellions (Zig:13)
  28 guardian mummies
  13 yaktaurs
  3 tormentors (Zig:13)
  A spectral death drake (Swamp:2)
  A minotaur skeleton (Crypt:3)
  4 tengu conjurers
  A freezing wraith (Vaults:5)
  3 harpy zombies
  A merfolk (Elf:2)
  3 polar bears
  43 dancing weapons
  A tarantella (shapeshifter) (D:14)
  14 hornets
  5 trolls
  A hornet (shapeshifter) (Zig:11)
  2 bloated husks
  A hydra skeleton (Hell)
  3 spriggan zombies
  23 blink frogs
  An ettin zombie (Crypt:1)
  6 harpy skeletons
  7 raiju
  7 tyrant leeches
  A dream sheep (shapeshifter) (Vaults:5)
  31 saltlings (Desolation)
  6 dream sheep (Lair:5)
  A large abomination (Swamp:4)
  A fire giant simulacrum (Vaults:1)
  A culicivora (Vaults:1)
  A slime creature (shapeshifter) (Depths:2)
  11 water elementals
  5 air elementals
  15 flying skulls
  A shadow (Swamp:4)
  4 wraiths
  2 black mamba zombies
  32 yaks
  6 ushabtiu
  An ettin skeleton (Crypt:3)
  A tyrant leech zombie (Crypt:1)
  4 wyverns
  A vampire (D:14)
  3 basilisks
  3 fire bats (Lair:1)
  5 golden eyes (Slime:5)
  A hog (shapeshifter) (Elf:1)
  9 fire elementals
  The ghost of patfeehan111222 the Chopper, an amateur DsBe of Trog (D:3)
  A golden eye (shapeshifter) (Elf:3)
  2 spriggan simulacra (Swamp:2)
  An elf skeleton (Vaults:1)
  12 vampire mosquitoes
  A naga (shapeshifter) (Vaults:2)
  4 naga zombies (Crypt:3)
  A glowing shapeshifter zombie (Depths:2)
  36 nagas
  11 swamp worms
  A death drake simulacrum (Swamp:2)
  A warg (Vaults:5)
  5 acid dragons
  A demonspawn zombie (Crypt:3)
  7 hell hounds
  2 floating eyes (shapeshifter)
  A floating eye (Depths:3)
  11 water moccasins
  A human skeleton (Depths:2)
  5 naga skeletons
  25 orc warriors
  2 swamp drakes
  An ice beast (D:8)
  An ettin simulacrum (Crypt:2)
  2 black bears
  4 boggarts (Vaults:4)
  8 ogres
  5 wolves (Lair:5)
  An orc skeleton (Vaults:1)
  A tengu (shapeshifter) (Vaults:5)
  A phantom (D:6)
  A swamp dragon skeleton (Crypt:3)
  4 centaurs
  2 kobold brigands
  A nameless horror (Lair:2)
  2 human zombies
  5 necrophages (Crypt:2)
  19 bullfrogs
  2 yaktaur skeletons
  5 scorpions
  2 gnoll sergeants
  15 wights
  An earth elemental (Zig:11)
  A komodo dragon skeleton (Crypt:1)
  A queen bee zombie (Crypt:1)
  6 killer bees (D:10)
  6 spriggan skeletons
  2 human simulacra (Vaults:5)
  A polar bear skeleton (Crypt:3)
  9 howler monkeys
  2 electric eels (Lair:5)
  A gnoll bouda (D:7)
  2 hounds
  4 jellies
  23 orc priests
  A boggart zombie (Crypt:1)
  A sleepcap (D:5)
  3 iguanas (D:5)
  15 orc wizards
  35 mummies
  Robin (D:3)
  8 adders
  13 gnolls
  A swamp drake skeleton (Crypt:2)
  2 white imps
  An ufetubus (D:3)
  A worm zombie (Crypt:2)
  2 iguana skeletons (Crypt:3)
  2 worms (D:2)
  A dart slug (D:1)
  90 orcs
  7 endoplasms
  3 giant cockroaches
  7 hobgoblins
  4 jackals (D:3)
  4 quokkas
  6 ball pythons
  6 bats
  2 dart slug zombies
  An endoplasm zombie (Crypt:2)
  2 frilled lizards
  A giant cockroach zombie (Crypt:1)
  11 goblins
  A goblin zombie (Crypt:1)
  20 kobolds
  7 rats
  2 fire vortices (Hell)
2537 creatures vanquished.

Vanquished Creatures (collateral kills)
  Nikola (Vaults:1)
  A lich (Depths:4)
  3 acid blobs (Slime:5)
  An azure jelly (Slime:5)
  A vault warden (Vaults:4)
  2 frost giants
  A deep elf sorcerer (Elf:3)
  A balrug (D:1)
  Aizul (Snake:4)
  An ironbound thunderhulk (Vaults:2)
  A stone giant (Depths:4)
  2 ironbound preservers
  A green draconian (Depths:4)
  A white draconian (Depths:4)
  A dire elephant (Vaults:2)
  A halazid warlock (Desolation)
  4 ettins
  2 ragged hierophants (Desolation)
  3 yaktaur captains
  3 great orbs of eyes
  A hydra (Swamp:3)
  An ice dragon (Depths:4)
  2 peacekeepers
  A servant of whispers (Desolation)
  An ogre mage (D:15)
  A spriggan air mage (Depths:4)
  An ironbound frostheart (Vaults:1)
  An anaconda (Snake:1)
  A ghost crab (Swamp:1)
  3 dancing weapons
  4 two-headed ogres
  3 naga warriors
  2 death yaks (Lair:3)
  A vampire mage (Depths:4)
  3 naga sharpshooters
  2 orc high priests (Orc:2)
  A shock serpent (Snake:2)
  2 sun demons (D:1)
  A skyshark (Lair:3)
  A death drake (Swamp:1)
  2 naga ritualists
  2 deep trolls
  A harpy (Vaults:3)
  3 ironbound convokers
  A lindwurm (Vaults:4)
  A bog body (Swamp:1)
  2 wizards
  4 orc knights
  A mana viper (Snake:2)
  3 deep elf zephyrmancers
  3 deep elf pyromancers (Elf:2)
  A moth of wrath (Zot:4)
  A cyclops (D:15)
  2 ugly things
  2 orc sorcerers (Orc:2)
  2 salamanders
  A stone giant skeleton (Crypt:3)
  2 black mambas (Snake:4)
  5 naga magi
  2 elephants (Lair:3)
  2 guardian serpents
  2 water nymphs (D:14)
  A molten gargoyle (Desolation)
  7 vault sentinels
  A cane toad (Lair:3)
  A centaur skeleton (Crypt:3)
  A gargoyle (D:12)
  4 yaktaurs
  A naga skeleton (Crypt:3)
  An anaconda simulacrum (Hell)
  A dire elephant skeleton (Crypt:3)
  A tengu conjurer (D:13)
  An efreet (D:15)
  2 komodo dragons (Lair:3)
  A yaktaur skeleton (Vaults:1)
  2 guardian mummies (Crypt:3)
  A polar bear (Lair:3)
  A troll (D:13)
  22 saltlings (Desolation)
  A harpy skeleton (Crypt:3)
  10 slime creatures
  Sigmund (D:3)
  A vampire (D:14)
  An air elemental (Elf:2)
  A yak (Lair:3)
  3 water elementals
  A black mamba skeleton (Crypt:3)
  A basilisk (D:15)
  A fire elemental (Elf:3)
  5 vampire mosquitoes
  A swamp worm (Swamp:1)
  7 nagas
  An acid dragon (D:10)
  14 orc warriors
  4 ogres
  A centaur (D:15)
  A bullfrog (D:10)
  A howler monkey (D:12)
  6 orc priests (Orc:2)
  2 orc wizards (Orc:2)
  A mummy (Tomb:1)
  14 orcs
238 creatures vanquished.

Vanquished Creatures (others)
  An Orb Guardian (Depths:4)
  A tengu reaver (Depths:1)
  A fenstrider witch (Swamp:1)
  A very ugly thing (Swamp:4)
  An ettin (Depths:2)
  A great orb of eyes (D:15)
  2 anacondas
  A centaur warrior (D:15)
  18 dancing weapons
  A naga warrior (Snake:4)
  2 orc high priests (Orc:2)
  2 shock serpents
  A naga sharpshooter (Snake:3)
  A goliath frog (Zig:14)
  A lindwurm (Vaults:4)
  A flayed ghost (D:12)
  2 deep elf pyromancers (Elf:2)
  4 deep elf zephyrmancers
  A deep elf archer (Zig:11)
  An orc knight (Orc:2)
  A salamander (Snake:3)
  An ugly thing (Depths:1)
  A will-o-the-wisp (Swamp:1)
  2 black mambas
  5 yaktaurs (Vaults:4)
  An orc wizard (Orc:2)
  A bush (Lair:3)
  67 fire vortices
  14 foxfires
  440 fulminant prisms
  64 fungi
  203 plants
844 creatures vanquished.

Grand Total: 3619 creatures vanquished

Notes
Turn   | Place    | Note
-------+----------+-------------------------------------------
     0 | D:1      | MrSquiggles the Human Conjurer began the quest for the Orb.
     0 | D:1      | Reached XP level 1. HP: 13/13 MP: 3/3
   288 | D:1      | Reached XP level 2. HP: 19/19 MP: 0/5
   297 | D:1      | Learned a level 2 spell: Searing Ray
  1027 | D:2      | Reached XP level 3. HP: 24/24 MP: 2/6
  1398 | D:2      | Reached XP level 4. HP: 30/30 MP: 4/7
  1476 | D:2      | Found a shimmering blue altar of Sif Muna.
  1832 | D:3      | Noticed Sigmund
  1845 | D:3      | Learned a level 4 spell: Fulminant Prism
  1915 | D:2      | Reached skill level 1 in Shields
  2068 | D:3      | Found a runed translucent gate.
  2069 | D:3      | Noticed a kobold brigand
  2069 | D:3      | Found a runed translucent gate.
  2069 | D:3      | Noticed patfeehan111222's ghost (amateur DsBe)
  2071 | D:3      | Found a runed translucent gate.
  2252 | D:3      | Reached skill level 5 in Conjurations
  2435 | D:3      | Found a blossoming altar of Fedhas.
  2523 | D:3      | Noticed Robin
  2537 | D:3      | Killed Robin
  2538 | D:3      | Reached skill level 1 in Hexes
  2538 | D:3      | Reached XP level 5. HP: 8/35 MP: 2/9
  3296 | D:4      | Identified the +0 chain mail of Lellucya {-Cast Rampage
                  | rF+}
  3487 | D:4      | Found a hide-covered altar of Uskayaw.
  3802 | D:4      | Reached skill level 3 in Spellcasting
  4003 | D:4      | Noticed an ogre
  4087 | D:5      | Entered Level 5 of the Dungeon
  4100 | D:5      | Reached XP level 6. HP: 41/41 MP: 5/10
  4103 | D:5      | Found a staircase to the Ecumenical Temple.
  4111 | Temple   | Entered the Ecumenical Temple
  4240 | Temple   | Became a worshipper of Xom of Chaos
  4309 | D:5      | Noticed a black bear
  4331 | D:5      | XOM: silly message
  4439 | D:5      | XOM: silly message
  4542 | D:5      | Found Lunangi Nast's Antique Armour Shoppe.
  4963 | D:5      | Reached XP level 7. HP: 46/46 MP: 4/11
  4980 | D:5      | XOM: potion effect (attraction)
  5080 | D:5      | Learned a level 1 spell: Slow
  5144 | D:5      | XOM: silly message
  5153 | D:5      | XOM: noise
  5450 | D:6      | Found a large runed translucent door.
  5450 | D:6      | XOM: stealth player
  5487 | D:6      | XOM is BORED!
  5487 | D:6      | XOM: noise
  5500 | D:6      | Reached XP level 8. HP: 38/52 MP: 2/13
  5585 | D:6      | Found Osearys's General Store.
  5603 | D:6      | Bought a scroll of identify for 28 gold pieces
  5618 | D:6      | XOM: cast spell 'Leda's Liquefaction'
  5705 | D:6      | XOM: silly message
  5712 | D:6      | Reached skill level 4 in Spellcasting
  6048 | D:6      | XOM: summons 1 hostile demon
  6112 | D:6      | XOM: silly message
  6122 | D:6      | Found a large runed translucent door.
  6124 | D:6      | Noticed pokeman's ghost (novice DEHW)
  6231 | D:6      | Reached skill level 5 in Hexes
  6575 | D:6      | XOM: divination: magic mapping
  6634 | D:6      | XOM: god gift: Xom's Precepts of the Tiger {god gift}
  6635 | D:6      | Got Xom's Precepts of the Tiger {god gift}
  6655 | D:6      | XOM: cloud trail
  6971 | D:7      | Found a bloodstained altar of Trog.
  7166 | D:7      | Reached XP level 9. HP: 50/57 MP: 11/15
  7218 | D:7      | Found a white marble altar of Elyvilon.
  7283 | D:7      | XOM: cloud trail
  7297 | D:7      | XOM: summons friendly shadow imp
  7411 | D:7      | Found a burning altar of Makhleb.
  7645 | D:7      | XOM is BORED!
  7645 | D:7      | XOM: stat loss: -3 Int (19/22)
  7869 | D:8      | Found a sparkling altar of Nemelex Xobeh.
  7956 | D:8      | Reached skill level 5 in Spellcasting
  8074 | D:8      | XOM: divination: detect creatures
  8218 | D:8      | Noticed Maggie
  8228 | D:8      | XOM: butterfly on damage
  8231 | D:8      | Killed Maggie
  8674 | D:8      | Found an ancient bone altar of Kikubaaqudgha.
  8734 | D:9      | Noticed a hornet
  8749 | D:9      | XOM: noise
  8752 | D:9      | Paralysed by a hornet for 3 turns
  8758 | D:9      | Killed a hornet
  8815 | D:9      | XOM: noise
  8821 | D:9      | XOM: divination: magic mapping
  8957 | D:9      | Noticed a hornet
  8964 | D:9      | XOM: confuse monster(s)
  8965 | D:9      | Killed a hornet
  8966 | D:9      | Reached XP level 10. HP: 46/63 MP: 4/18
  8986 | D:9      | XOM: swap monsters
  8993 | D:9      | Reached skill level 6 in Spellcasting
  9262 | D:9      | Found a runed translucent door.
  9262 | D:9      | Found a shimmering altar of Xom.
  9262 | D:9      | Noticed AlpineCheese's ghost (novice MfIE)
  9262 | D:9      | Noticed a +0 flail of chaos
  9281 | D:9      | Noticed Erica
  9290 | D:9      | Killed Erica
  9380 | D:9      | XOM: give mutations
  9380 | D:9      | Gained mutation: You are strong-willed. (Will+) [Xom's
                  | grace]
  9380 | D:9      | Gained mutation: You are partially covered in iridescent
                  | scales. (AC +2) [Xom's grace]
  9380 | D:9      | Gained mutation: You have sharp toenails. [Xom's grace]
  9380 | D:9      | Gained mutation: You expend magic power (3 MP) to
                  | strengthen your wands. [Xom's grace]
  9393 | D:9      | Reached skill level 10 in Conjurations
  9393 | D:9      | XOM: summons 4 hostile demons
  9534 | D:9      | Noticed an orc sorcerer
  9537 | D:9      | Killed an orc sorcerer
  9597 | D:9      | XOM is BORED!
  9723 | D:9      | XOM: divination: magic mapping
  9729 | D:9      | Reached XP level 11. HP: 68/68 MP: 17/21
  9791 | D:9      | XOM: give mutations
  9791 | D:9      | Gained mutation: Your spells are a little harder to cast,
                  | but a little more powerful. [Xom's grace]
  9791 | D:9      | Gained mutation: Your mind is acute. (Int +4, Str/Dex -1)
                  | [Xom's grace]
  9791 | D:9      | Gained mutation: Your mind is very acute. (Int +8, Str/Dex
                  | -2) [Xom's grace]
  9873 | D:9      | Found Juotsirgh's Magic Scroll Boutique.
  9877 | D:9      | Bought a scroll of identify for 26 gold pieces
  9877 | D:9      | Bought a scroll of identify for 26 gold pieces
  9893 | D:9      | Learned a level 4 spell: Iskenderun's Mystic Blast
 10418 | D:10     | Entered Level 10 of the Dungeon
 10434 | D:10     | Reached skill level 7 in Spellcasting
 10434 | D:10     | Reached skill level 10 in Hexes
 10451 | D:10     | XOM: summons 2 friendly demons
 10456 | D:10     | Noticed Erolcha
 10462 | D:10     | Killed Erolcha
 10463 | D:10     | Reached skill level 8 in Spellcasting
 10560 | D:9      | XOM: cloud trail
 10673 | D:10     | XOM: divination: detect creatures
 10683 | D:10     | XOM: give mutations
 10683 | D:10     | Gained mutation: Your muscles are strong. (Str +4, Int/Dex
                  | -1) [Xom's grace]
 10683 | D:10     | Gained mutation: You have sharp fingernails. [Xom's grace]
 10683 | D:10     | Gained mutation: You passively map a small area around you.
                  | [Xom's grace]
 10860 | D:10     | Learned a level 2 spell: Sublimation of Blood
 10866 | D:10     | Learned a level 5 spell: Summon Mana Viper
 10872 | D:10     | Learned a level 5 spell: Yara's Violent Unravelling
 10903 | D:10     | XOM: fog
 10938 | D:10     | Found an opulent altar of Gozag.
 11031 | D:10     | Found an ornate altar of the Wu Jian Council.
 11077 | D:10     | XOM: scenery: create altars
 11107 | D:10     | XOM: butterfly on damage
 11271 | D:9      | XOM: god gift: glowing helmet {god gift}
 11296 | D:9      | XOM: god gift: 59 gold pieces
 11327 | D:10     | Found a staircase to the Lair.
 11345 | Lair:1   | Entered Level 1 of the Lair of Beasts
 11346 | Lair:1   | Upgraded the game from 0.30-a0-1116-gebefce21f7 to
                  | 0.30-a0-1123-gabc949cf19
 11410 | Lair:1   | You fall into a shaft and drop 1 floor!
 11561 | Lair:1   | Reached skill level 9 in Spellcasting
 11564 | Lair:1   | Found a dark tunnel.
 11574 | Volcano  | Entered a volcano
 11645 | Volcano  | Noticed a deep elf pyromancer
 11652 | Volcano  | Killed a deep elf pyromancer
 11653 | Volcano  | Reached skill level 10 in Spellcasting
 11653 | Volcano  | Noticed a deep elf pyromancer
 11661 | Volcano  | Learned a level 5 spell: Irradiate
 11662 | Volcano  | Noticed a deep elf pyromancer
 11662 | Volcano  | Noticed a deep elf pyromancer
 11663 | Volcano  | Noticed a deep elf pyromancer
 11673 | Volcano  | Noticed a deep elf pyromancer
 11677 | Volcano  | Killed a deep elf pyromancer
 11678 | Volcano  | Reached skill level 1 in Fighting
 11680 | Volcano  | XOM: cleaving
 11681 | Volcano  | Killed a deep elf pyromancer
 11687 | Volcano  | Killed a deep elf pyromancer
 11690 | Volcano  | Killed a deep elf pyromancer
 11691 | Volcano  | Reached XP level 12. HP: 63/80 MP: 15/26
 11744 | Volcano  | XOM: 2-stop teleportation journey
 11794 | Volcano  | XOM: scenery: 4 doors close
 11893 | Volcano  | XOM: swap monsters
 12084 | Lair:1   | XOM: confusion
 12094 | Lair:1   | Reached skill level 5 in Stealth
 12527 | Lair:2   | Noticed a five-headed hydra
 12530 | Lair:2   | XOM: cast spell 'Alistair's Intoxication'
 12543 | Lair:1   | XOM: scenery: summon butterflies
 12556 | Lair:2   | Reached skill level 5 in Dodging
 12569 | Lair:2   | XOM: 1-stop teleportation journey
 12630 | Lair:2   | XOM: enchant monster (bad)
 12700 | Lair:2   | XOM: silly message
 12709 | Lair:2   | Noticed Gastronok
 12736 | Lair:2   | Killed Gastronok
 12737 | Lair:2   | Reached skill level 5 in Fighting
 12818 | Lair:2   | XOM: chaos cloud
 12823 | Lair:2   | XOM: enchant monster (bad)
 12825 | Lair:2   | Paralysed by you for 3 turns
 12828 | Lair:2   | XOM: confuse monster(s)
 12858 | Lair:2   | XOM: 1-stop teleportation journey
 12869 | Lair:2   | Killed a five-headed hydra
 12983 | Lair:2   | Found a staircase to the Swamp.
 13834 | Lair:3   | Noticed a skyshark
 13838 | Lair:2   | XOM: cast spell 'Summon Small Mammal'
 13844 | Lair:2   | Reached XP level 13. HP: 93/93 MP: 3/27
 13857 | Lair:2   | XOM: stat loss: -1 Str (8/9)
 13916 | Lair:3   | Noticed Urug
 13916 | Lair:3   | Noticed a six-headed hydra
 13919 | Lair:3   | XOM: cleaving
 13923 | Lair:3   | Killed a six-headed hydra
 13930 | Lair:3   | Killed Urug
 13974 | Lair:2   | Identified a scroll of acquirement
 13975 | Lair:2   | Acquired a staff of conjuration
 13992 | Lair:3   | Noticed Nergalle
 13996 | Lair:3   | XOM: scenery: summon butterflies
 13998 | Lair:3   | Killed Nergalle
 14022 | Lair:3   | XOM: cast spell 'Summon Dragon'
 14129 | Lair:3   | Found a staircase to the Snake Pit.
 14181 | Lair:3   | Learned a level 3 spell: Stone Arrow
 14444 | Lair:3   | XOM: enchant monster (bad)
 14495 | Lair:3   | Found a runed translucent door.
 14496 | Lair:3   | Noticed Orangeyouglad's ghost (journeyman HuIE)
 14496 | Lair:3   | XOM: enchant monster (good)
 14550 | Lair:3   | XOM: swap monsters
 14552 | Lair:3   | XOM: divination: detect creatures
 14553 | Lair:3   | XOM: 3-stop teleportation journey
 14679 | Lair:3   | XOM: 2-stop teleportation journey
 14791 | Lair:3   | XOM: fake destruction
 15062 | Lair:3   | XOM: summons 12 friendly demons
 15075 | Lair:3   | Reached skill level 11 in Spellcasting
 15530 | Lair:4   | XOM: confusion (+ monsters)
 15531 | Lair:4   | Reached XP level 14. HP: 100/100 MP: 26/29
 15839 | Lair:4   | Found a viscous altar of Jiyva.
 15839 | Lair:4   | Found a staircase to the Slime Pits.
 15971 | Lair:4   | XOM: 1-stop teleportation journey
 16475 | Lair:4   | XOM: summons 4 hostile demons
 16911 | Lair:5   | Entered Level 5 of the Lair of Beasts
 17127 | Lair:4   | XOM: give mutation
 17127 | Lair:4   | Lost mutation: You expend magic power (3 MP) to strengthen
                  | your wands. [Xom's mischief]
 17241 | Lair:5   | XOM: fake destruction
 17751 | Lair:5   | XOM: potion effect (magic)
 17800 | Lair:5   | XOM: god gift: Xom's Almanac of the Lizard {god gift}
 17803 | Lair:5   | Got Xom's Almanac of the Lizard {god gift}
 17824 | Lair:5   | XOM: noise
 17825 | Lair:5   | XOM: give mutations
 17825 | Lair:5   | Gained mutation: You have a pair of small horns on your
                  | head. [Xom's mischief]
 17825 | Lair:5   | Gained mutation: You are covered in fur. (AC +1) [Xom's
                  | mischief]
 17825 | Lair:5   | Lost mutation: You are partially covered in iridescent
                  | scales. (AC +2) [Xom's mischief]
 17825 | Lair:5   | Gained mutation: You are robust. (+10% HP) [Xom's mischief]
 17917 | Lair:5   | XOM: 2-stop teleportation journey
 17924 | Lair:5   | Reached XP level 15. HP: 107/115 MP: 18/30
 17967 | Lair:5   | XOM: 1-stop teleportation journey
 17975 | Lair:5   | XOM: blink monster(s)
 18092 | Lair:5   | XOM: silly message
 18133 | Lair:5   | Reached skill level 12 in Spellcasting
 18606 | Lair:5   | XOM: silly message
 18639 | Lair:5   | Reached skill level 5 in Shields
 18644 | Lair:5   | XOM: smoke on damage
 18701 | Lair:5   | XOM: silly message
 19304 | D:6      | XOM is BORED!
 19318 | D:6      | Killed pokeman's ghost
 19424 | D:3      | Killed patfeehan111222's ghost
 19485 | D:3      | Killed Sigmund
 19657 | D:5      | XOM: silly message
 19979 | D:11     | Found a staircase to the Orcish Mines.
 20122 | D:11     | XOM: 7-stop teleportation journey
 20157 | D:11     | XOM: summons 5 hostile demons
 20726 | D:11     | XOM: give mutations
 20726 | D:11     | Gained mutation: You are partially covered in iridescent
                  | scales. (AC +2) [Xom's grace]
 20726 | D:11     | Gained mutation: You are highly strong-willed. (Will++)
                  | [Xom's grace]
 20726 | D:11     | Gained mutation: You are covered in thick fur. (AC +2)
                  | [Xom's grace]
 20778 | Orc:1    | Entered Level 1 of the Orcish Mines
 20799 | Orc:1    | Learned a level 3 spell: Tukima's Dance
 20960 | Orc:2    | Entered Level 2 of the Orcish Mines
 21091 | Orc:2    | Noticed an orc warlord
 21092 | Orc:2    | Noticed Nessos
 21092 | Orc:2    | XOM: 2-stop teleportation journey
 21107 | Orc:2    | XOM: fog
 21112 | Orc:2    | Killed an orc warlord
 21278 | Orc:2    | XOM: 7-stop teleportation journey
 21454 | Orc:2    | XOM: 1-stop teleportation journey
 21528 | Orc:2    | Learned a level 2 spell: Passwall
 21560 | Orc:2    | Killed Nessos
 21591 | Orc:2    | XOM: fog
 21593 | Orc:2    | XOM: divination: detect items
 21760 | Orc:2    | XOM: god gift: +6 ring of strength
 21870 | Orc:2    | Found Geat's Magic Scroll Emporium.
 21872 | Orc:2    | Found Ymuziumu's Magic Scroll Shoppe.
 21928 | Orc:2    | XOM: noise
 21936 | Orc:2    | XOM: cast spell 'Discord'
 22037 | Orc:2    | XOM: give mutation
 22037 | Orc:2    | Lost mutation: You are covered in thick fur. (AC +2) [Xom's
                  | mischief]
 22049 | Orc:2    | Reached skill level 1 in Necromancy
 22129 | Orc:2    | Reached skill level 1 in Ice Magic
 22299 | Orc:2    | XOM: noise
 22304 | Orc:2    | XOM: enchant monster (good)
 22532 | Orc:2    | Reached XP level 16. HP: 122/132 MP: 13/32
 22629 | Orc:2    | Found Utashyat's Book Shop.
 22629 | Orc:2    | Found a one-way gate leading to the halls of Pandemonium.
 22629 | Orc:2    | Found Qigum's Antique Weapon Boutique.
 22637 | Orc:2    | Bought a book of Lightning for 544 gold pieces
 22762 | Orc:2    | Found a staircase to the Elven Halls.
 23037 | Orc:2    | Bought a scroll of acquirement for 676 gold pieces
 23102 | D:10     | Acquired the +3 warlock's mirror {omnireflect}
 23102 | D:10     | Found the +3 warlock's mirror {omnireflect}
 23184 | D:12     | Reached skill level 1 in Air Magic
 23263 | D:12     | XOM: scenery: 1 doors close
 23351 | D:12     | XOM: enchant monster (good)
 23460 | D:12     | XOM: give mutation
 23460 | D:12     | Lost mutation: You are covered in fur. (AC +1) [Xom's
                  | mischief]
 23476 | D:12     | Found Utem's Jewellery Emporium.
 23729 | D:12     | XOM: polymorph ettin -> fire dragon
 24029 | D:12     | Learned a level 4 spell: Anguish
 24100 | D:12     | XOM: silly message
 24250 | D:12     | XOM: noise
 24374 | D:12     | Noticed a frost giant
 24380 | D:12     | XOM: noise
 24394 | D:12     | XOM: confuse monster(s)
 24409 | D:12     | XOM: enchant monster (good)
 24418 | D:12     | XOM: confusion (+ monsters)
 24425 | D:12     | Killed a frost giant
 24429 | D:12     | XOM: destruction
 24433 | D:12     | XOM: summons friendly shadow imp
 24445 | D:12     | XOM: divination: magic mapping
 24450 | D:12     | Reached skill level 5 in Necromancy
 24650 | D:12     | XOM: scenery: summon butterflies
 24710 | D:12     | XOM: scenery: create altars
 24744 | D:12     | Reached skill level 5 in Air Magic
 25173 | D:12     | XOM: cloud trail
 25312 | D:13     | XOM: butterfly on damage
 25415 | D:13     | Identified the +3 great mace of the Saviour {drain, Fly
                  | Str-3 Int+4 SInv} (Xom gifted it to you on level 13 of the
                  | Dungeon)
 25415 | D:13     | XOM: god gift: +3 great mace of the Saviour {chaos, Fly
                  | Str-3 Int+4 SInv}
 25728 | D:13     | XOM: cloud trail
 26173 | D:14     | XOM: enchant monster (good)
 26363 | D:14     | XOM: god gift: battleaxe {god gift}
 26479 | D:14     | XOM: cleaving
 26517 | D:14     | XOM: destruction
 26650 | D:14     | XOM: scenery: create altars
 26746 | D:14     | XOM: confuse monster(s)
 26756 | D:14     | XOM: polymorph mana viper -> ghost moth
 27218 | D:14     | Found a gate to the Vaults.
 27359 | D:14     | XOM: scenery: summon butterflies
 27718 | D:3      | XOM: god gift: 51 gold pieces
 27801 | D:6      | Bought a phantom mirror for 560 gold pieces
 27956 | D:11     | Identified the +5 morningstar "Ellukuel" {protect, Fly
                  | Dex-4 Stlth+} (Xom gifted it to you on level 11 of the
                  | Dungeon)
 27956 | D:11     | XOM: god gift: +5 morningstar "Ellukuel" {chaos, Fly Dex-4
                  | Stlth+}
 27994 | D:15     | Entered Level 15 of the Dungeon
 28221 | D:15     | XOM: summons 3 friendly demons
 28226 | D:15     | Reached XP level 17. HP: 137/137 MP: 21/33
 28333 | D:15     | XOM: give mutations
 28333 | D:15     | Gained mutation: You expend magic power (3 MP) to
                  | strengthen your wands. [Xom's grace]
 28333 | D:15     | Gained mutation: Your flesh is heat resistant. (rF+) [Xom's
                  | grace]
 28653 | D:15     | Identified the +0 scale mail of Mariwn {*Slow +Inv rPois
                  | rCorr}
 28700 | D:15     | XOM: noise
 28702 | D:15     | XOM: blink monster(s)
 28732 | D:15     | Reached skill level 13 in Spellcasting
 28760 | D:15     | XOM: cast spell 'Summon Cactus Giant'
 28772 | D:15     | XOM: noise
 28831 | D:15     | XOM: summons 2 friendly demons
 29181 | D:15     | Noticed Roxanne
 29358 | D:15     | Found a staircase to the Depths.
 29674 | D:15     | Killed Roxanne
 29882 | Depths:1 | Entered Level 1 of the Depths
 29952 | Depths:1 | Found a one-way gateway to a ziggurat.
 30179 | Depths:1 | Noticed a tengu reaver
 30319 | Depths:1 | You fall into a shaft and drop 1 floor!
 30396 | Depths:2 | XOM: potion effect (attraction)
 30402 | Depths:2 | Reached skill level 1 in Evocations
 30560 | Depths:1 | XOM: fake destruction
 30562 | Depths:1 | Reached skill level 1 in Armour
 30562 | Depths:1 | Reached skill level 1 in Fire Magic
 30562 | Depths:1 | Reached skill level 10 in Air Magic
 30802 | Depths:1 | XOM: blink monster(s)
 30839 | Depths:1 | XOM: chaos cloud
 31086 | Depths:1 | XOM: summons 1 hostile shadow creature
 31298 | Depths:1 | XOM: summons 4 hostile shadow creatures
 31496 | Depths:1 | XOM: stat loss: -1 Str (8/9)
 31604 | Depths:1 | Found a gateway to Hell.
 31621 | Depths:1 | XOM: noise
 31627 | Depths:1 | XOM: smoke on damage
 31732 | Depths:1 | XOM: 1-stop teleportation journey
 31878 | Depths:1 | XOM: divination: detect items
 31915 | Depths:1 | XOM: summons 4 friendly demons
 31921 | Depths:1 | XOM: confuse monster(s)
 32008 | Depths:1 | XOM: divination: detect items
 32011 | Depths:1 | XOM: give mutations
 32011 | Depths:1 | Gained mutation: You are very robust. (+20% HP) [Xom's
                  | grace]
 32011 | Depths:1 | Gained mutation: You are somewhat resistant to further
                  | mutation. [Xom's grace]
 32011 | Depths:1 | Gained mutation: You have very sharp fingernails. [Xom's
                  | grace]
 32138 | Depths:1 | XOM: give mutations
 32138 | Depths:1 | Lost mutation: You are somewhat resistant to further
                  | mutation. [Xom's grace]
 32138 | Depths:1 | Gained mutation: You have hidden genetic potential. [Xom's
                  | grace]
 32138 | Depths:1 | Gained mutation: You are resistant to electric shocks.
                  | (rElec) [Xom's grace]
 32138 | Depths:1 | Gained mutation: You have a pair of horns on your head.
                  | [Xom's grace]
 32138 | Depths:1 | Gained mutation: You are covered in fur. (AC +1) [Xom's
                  | grace]
 32373 | Depths:1 | XOM: give mutations
 32373 | Depths:1 | Gained mutation: You passively map the area around you.
                  | [Xom's grace]
 32373 | Depths:1 | Gained mutation: You possess an exceptional clarity of
                  | mind. [Xom's grace]
 32373 | Depths:1 | Gained mutation: You have a pair of large horns on your
                  | head. [Xom's grace]
 32688 | Depths:1 | Killed a tengu reaver
 32850 | Orc:2    | Bought a scroll of blinking for 112 gold pieces
 33194 | Depths:1 | Identified the +0 robe of Lifelessness {-Cast +Inv Str+5
                  | Stlth+}
 33197 | Depths:1 | Identified the +0 hat "Ommuydur" {rN+ Str+3}
 33211 | Depths:1 | Found a radiant altar of Vehumet.
 33211 | Depths:1 | Found the +2 hood of the Assassin {Detect Stab+ Stlth++}
 33211 | Depths:1 | Noticed a lich
 33211 | Depths:1 | XOM: scenery: 3 doors close
 33225 | Depths:1 | Killed a lich
 33226 | Depths:1 | Reached XP level 18. HP: 158/158 MP: 30/35
 33323 | Depths:2 | Identified the +2 robe "Kasuru" {rN+}
 33574 | Depths:1 | XOM: god gift: book of the Dragon
 33796 | Snake:1  | Entered Level 1 of the Snake Pit
 33856 | Snake:1  | XOM: god gift: large onyx ring {god gift}
 34158 | Snake:1  | Reached skill level 5 in Armour
 34165 | Snake:1  | Reached skill level 5 in Evocations
 34207 | Snake:1  | Found Bozair's Antique Weapon Boutique.
 34225 | Snake:1  | XOM: cloud trail
 34576 | Snake:1  | XOM: scenery: 1 doors close
 34655 | Snake:1  | XOM: scenery: 3 fountains blood, 2 doors close
 34947 | Snake:1  | Got the Compilation of the Adder and the Anticline
 34948 | Snake:1  | Identified the +1 robe of Malod {Fly rElec}
 35158 | Snake:1  | XOM: divination: detect items
 35242 | Snake:1  | XOM: polymorph mana viper -> eight-headed hydra
 35331 | Snake:1  | XOM: give mutation
 35331 | Snake:1  | Gained mutation: Your muscles are very strong. (Str +8,
                  | Int/Dex -2) [Xom's grace]
 35560 | Snake:2  | XOM: fog
 35649 | Snake:2  | Identified the +1 ring mail of Most {Rampage +Blink rN+++
                  | Will-}
 35748 | Snake:2  | XOM: scenery: summon butterflies
 35749 | Snake:2  | Reached skill level 5 in Fire Magic
 36240 | Snake:2  | XOM: 3-stop teleportation journey
 36293 | Snake:2  | XOM: summons 5 friendly demons
 36448 | Snake:2  | XOM: 1-stop teleportation journey
 36634 | Snake:2  | XOM: fog
 36646 | Snake:2  | XOM: cloud trail
 36659 | Snake:2  | Reached skill level 14 in Spellcasting
 36690 | Snake:1  | Learned a level 6 spell: Plasma Beam
 36741 | Snake:2  | XOM: 1-stop teleportation journey
 36861 | Snake:2  | XOM: god gift: +4 dagger of chaos
 36916 | Snake:2  | XOM: give mutations
 36916 | Snake:2  | Gained mutation: You are extremely robust. (+30% HP) [Xom's
                  | grace]
 36916 | Snake:2  | Gained mutation: Your movements are slightly less
                  | encumbered by armour. (ER -2) [Xom's grace]
 36916 | Snake:2  | Gained mutation: You passively dampen the noise of your
                  | surroundings. [Xom's grace]
 36945 | Snake:2  | XOM: divination: detect creatures
 37241 | Snake:3  | XOM: cloud trail
 37433 | Snake:3  | XOM: scenery: summon butterflies
 37666 | Snake:3  | Gained mutation: You are partially covered in large bone
                  | plates. (SH +4) [hidden potential]
 37962 | Snake:3  | XOM: cloud trail
 37966 | Snake:3  | XOM: god gift: scratched golden ring {god gift}
 38119 | Snake:3  | Learned a level 6 spell: Iron Shot
 38122 | Snake:4  | XOM: stealth player
 38122 | Snake:4  | Entered Level 4 of the Snake Pit
 38149 | Snake:4  | XOM: fog
 38481 | Snake:4  | XOM: scenery: 1 doors open, 2 doors close
 38733 | Snake:4  | XOM: cloud trail
 38793 | Snake:4  | Reached XP level 19. HP: 160/179 MP: 12/37
 38802 | Snake:4  | XOM: destruction
 38846 | Snake:4  | Noticed Aizul
 38862 | Snake:4  | Killed Aizul
 38882 | Snake:4  | XOM: scenery: 2 doors open, 1 doors close
 39156 | Snake:4  | XOM: scenery: summon butterflies
 39638 | Snake:4  | Found Mototsox's Distillery.
 39646 | Snake:4  | XOM: 2-stop teleportation journey
 39712 | Snake:4  | XOM: god gift: stone
 39756 | Snake:4  | XOM: confuse monster(s)
 40309 | Snake:4  | XOM: summons 8 friendly demons
 40799 | Snake:4  | XOM: god gift: staff of fire
 40805 | Snake:4  | XOM: divination: detect creatures
 40973 | Snake:4  | Got a serpentine rune of Zot
 41140 | Swamp:1  | Entered Level 1 of the Swamp
 41147 | Swamp:1  | XOM: cast spell 'Death Channel'
 41163 | Swamp:1  | Gained mutation: You have a somewhat thin skeletal
                  | structure. (Dex +2, Stealth+) [hidden potential]
 41163 | Swamp:1  | Lost mutation: You have hidden genetic potential. [hidden
                  | potential expressed]
 41276 | Swamp:1  | XOM: silly message
 41593 | Swamp:1  | XOM: cleaving
 41638 | Swamp:1  | Acquired the Codex of Arcane Weapons and the Mob
 41698 | Swamp:1  | XOM: divination: detect creatures
 42134 | Swamp:2  | Reached skill level 15 in Conjurations
 42134 | Swamp:2  | Reached skill level 15 in Air Magic
 42324 | Swamp:2  | Found a shimmering blue altar of Sif Muna.
 42621 | Swamp:2  | XOM: 4-stop teleportation journey
 42634 | Swamp:2  | Found a runed translucent gate.
 42635 | Swamp:2  | Found a runed translucent gate.
 42636 | Swamp:2  | Found a runed translucent gate.
 42637 | Swamp:2  | Noticed relicbr's ghost (adept SpDe)
 43031 | Swamp:3  | XOM: 8-stop teleportation journey
 43062 | Swamp:3  | XOM: confuse monster(s)
 43115 | Swamp:3  | XOM: give mutations
 43115 | Swamp:3  | Gained mutation: You are agile. (Dex +4, Str/Int -1) [Xom's
                  | grace]
 43115 | Swamp:3  | Gained mutation: You have razor-sharp toenails. [Xom's
                  | grace]
 43115 | Swamp:3  | Gained mutation: You are extremely strong-willed. (Will+++)
                  | [Xom's grace]
 43115 | Swamp:3  | Gained mutation: Your spells are harder to cast, but more
                  | powerful. [Xom's grace]
 43137 | Swamp:3  | Reached XP level 20. HP: 126/187 MP: 29/38
 43318 | Swamp:3  | XOM: give mutations
 43318 | Swamp:3  | Gained mutation: You are covered in thick fur. (AC +2)
                  | [Xom's grace]
 43318 | Swamp:3  | Gained mutation: You have very sharp teeth. [Xom's grace]
 43318 | Swamp:3  | Lost mutation: You have razor-sharp toenails. [Xom's grace]
 43318 | Swamp:3  | Lost mutation: You have sharp toenails. [Xom's grace]
 43318 | Swamp:3  | Gained mutation: You have large cloven feet. [Xom's grace]
 43318 | Swamp:3  | Lost mutation: You have large cloven feet. [Xom's grace]
 43318 | Swamp:3  | Gained mutation: You have sharp toenails. [Xom's grace]
 43405 | Swamp:3  | XOM: 9-stop teleportation journey
 43508 | Swamp:3  | XOM: silly message
 43566 | Swamp:3  | XOM: silly message
 43567 | Swamp:3  | XOM: stat loss: -1 Int (29/30)
 43657 | Swamp:3  | XOM: give mutations
 43657 | Swamp:3  | Lost mutation: You are extremely robust. (+30% HP) [Xom's
                  | mischief]
 43657 | Swamp:3  | Lost mutation: You are extremely strong-willed. (Will+++)
                  | [Xom's mischief]
 43693 | Swamp:3  | XOM: polymorph spriggan rider -> alligator
 44301 | Swamp:4  | XOM: noise
 44301 | Swamp:4  | Entered Level 4 of the Swamp
 44432 | Swamp:4  | XOM: 4-stop teleportation journey
 44495 | Swamp:4  | XOM: 5-stop teleportation journey
 44647 | Swamp:4  | XOM: swap monsters
 45174 | Swamp:4  | Identified the +8 war axe "Emaxear" {heavy, rF+ rCorr}
 45270 | Swamp:4  | XOM: summons 4 hostile shadow creatures
 45373 | Swamp:3  | XOM: silly message
 45409 | Swamp:3  | XOM: stat loss: -1 Int (29/30)
 45855 | Swamp:4  | Got a decaying rune of Zot
 46057 | Swamp:2  | Killed relicbr's ghost
 46058 | Swamp:2  | Reached skill level 15 in Spellcasting
 46314 | Swamp:2  | Identified the ring of the Tuna {rCorr AC+4}
 46351 | Swamp:2  | XOM: summons 4 hostile demons
 46519 | D:9      | Killed AlpineCheese's ghost
 46882 | Depths:2 | XOM: summons 4 hostile shadow creatures
 46890 | Depths:1 | XOM: give mutations
 46890 | Depths:1 | Lost mutation: Your spells are harder to cast, but more
                  | powerful. [Xom's mischief]
 46890 | Depths:1 | Lost mutation: You are partially covered in iridescent
                  | scales. (AC +2) [Xom's mischief]
 46975 | Depths:1 | XOM: torment (80/169 hp)
 47210 | Depths:2 | XOM: stat loss: -1 Str (12/13)
 47212 | Depths:2 | XOM: give mutations
 47212 | Depths:2 | Lost mutation: You are covered in thick fur. (AC +2) [Xom's
                  | mischief]
 47212 | Depths:2 | Lost mutation: Your movements are slightly less encumbered
                  | by armour. (ER -2) [Xom's mischief]
 47212 | Depths:2 | Lost mutation: You are covered in fur. (AC +1) [Xom's
                  | mischief]
 47212 | Depths:2 | Lost mutation: You have a somewhat thin skeletal structure.
                  | (Dex +2, Stealth+) [Xom's mischief]
 47223 | Depths:2 | Noticed an ancient lich
 47225 | Depths:2 | Killed an ancient lich
 47252 | Depths:2 | XOM: silly message
 47293 | Depths:2 | XOM: cast spell 'Call Canine Familiar'
 47702 | Depths:2 | XOM: divination: magic mapping
 47719 | Depths:2 | Reached XP level 21. HP: 129/179 MP: 2/40
 47951 | Depths:2 | XOM: stat loss: -1 Str (12/13)
 48041 | Depths:2 | Noticed Vv
 48075 | Depths:2 | Killed Vv
 48300 | Depths:1 | XOM: summons 4 hostile demons
 48513 | Depths:2 | XOM: cast spell 'Metabolic Englaciation'
 48556 | Depths:2 | XOM: 4-stop teleportation journey
 48709 | Depths:2 | XOM: silly message
 48816 | Depths:2 | XOM: stat loss: -1 Str (12/13)
 48920 | Depths:2 | XOM: silly message
 49054 | Depths:2 | Found a bloodstained altar of Trog.
 49127 | Depths:2 | Identified the +1 halberd of Strategic Superiority {heavy,
                  | rElec Str+3 Dex-4}
 49276 | Depths:2 | XOM: destruction
 49337 | Depths:2 | Identified the ring "Riwkuro" {Wiz Int+5}
 49370 | Depths:2 | XOM: torment (91/180 hp)
 49521 | Depths:2 | XOM: noise
 49769 | Depths:2 | Got the Textbook on Zombies
 49817 | Depths:1 | Learned a level 5 spell: Borgnjor's Vile Clutch
 50305 | Depths:3 | XOM: enchant monster (good)
 50428 | Depths:3 | XOM: 1-stop teleportation journey
 50431 | Depths:3 | Noticed Parghit
 50454 | Depths:3 | XOM: swap monsters
 50897 | Depths:3 | XOM: noise
 51132 | Depths:3 | Found a one-way gate to the infinite horrors of the Abyss.
 51139 | Depths:3 | XOM: 1-stop teleportation journey
 51200 | Depths:3 | XOM: draining
 51611 | Depths:2 | Reached XP level 22. HP: 49/169 MP: 24/41
 51947 | Depths:3 | XOM: fog
 52077 | Depths:2 | XOM: god gift: 21 gold pieces
 52119 | Depths:2 | Upgraded the game from 0.30-a0-1123-gabc949cf19 to
                  | 0.30-a0-1124-g6e8f0f562f
 52390 | Depths:3 | XOM: god gift: +2 glaive of chaos
 52618 | Depths:3 | XOM: enchant monster (good)
 52633 | Depths:3 | XOM: 2-stop teleportation journey
 52881 | Depths:3 | Reached skill level 16 in Spellcasting
 53190 | Depths:4 | Entered Level 4 of the Depths
 53244 | Depths:4 | XOM: cloud trail
 53281 | Depths:4 | XOM: give mutation
 53281 | Depths:4 | Lost mutation: You expend magic power (3 MP) to strengthen
                  | your wands. [Xom's mischief]
 53401 | Depths:4 | Found Qula's Antique Armour Shoppe.
 53747 | Depths:4 | Found Ocaji's Antique Weapon Emporium.
 54053 | Depths:4 | XOM: summons friendly ufetubus
 54482 | D:9      | Bought a scroll of teleportation for 39 gold pieces
 54601 | Orc:2    | Bought a scroll of teleportation for 39 gold pieces
 54601 | Orc:2    | Bought a scroll of teleportation for 39 gold pieces
 54718 | D:10     | XOM: cloud trail
 55017 | Depths:4 | Found Mecetokh's Distillery.
 55029 | Depths:4 | Bought a potion of magic for 128 gold pieces
 55331 | Depths:4 | XOM: god gift: robe {god gift}
 55572 | Depths:4 | XOM: god gift: pair of distressingly furry gloves {god
                  | gift}
 55572 | Depths:4 | Identified the +1 pair of gloves of Xom, Riding {Fly rC+}
                  | (Xom gifted it to you on level 4 of the Depths)
 55625 | Depths:4 | Noticed a bone dragon
 55663 | Depths:4 | Killed a bone dragon
 55991 | Depths:4 | XOM: polymorph mana viper -> storm dragon
 56233 | Depths:4 | Found a gate to the Realm of Zot.
 56389 | Depths:4 | XOM: scenery: 2 doors close
 56437 | Depths:4 | XOM: polymorph mana viper -> shapeshifter
 57225 | Vaults:1 | Entered Level 1 of the Vaults
 57718 | Vaults:1 | XOM: give mutations
 57718 | Vaults:1 | Gained mutation: You are somewhat resistant to further
                  | mutation. [Xom's grace]
 57718 | Vaults:1 | Gained mutation: You have razor-sharp toenails. [Xom's
                  | grace]
 57718 | Vaults:1 | Gained mutation: Your flesh is very heat resistant. (rF++)
                  | [Xom's grace]
 58049 | Vaults:1 | XOM is BORED!
 58049 | Vaults:1 | XOM: polymorph mana viper -> quicksilver ooze
 58059 | Vaults:1 | XOM: cast spell 'Cause Fear'
 58201 | Vaults:1 | XOM: god gift: book of Sloth
 58486 | D:11     | XOM is BORED!
 58486 | D:11     | XOM: give mutations
 58486 | D:11     | Lost mutation: You have razor-sharp toenails. [Xom's
                  | mischief]
 58486 | D:11     | Lost mutation: You have very sharp teeth. [Xom's mischief]
 58486 | D:11     | Lost mutation: You are highly strong-willed. (Will++)
                  | [Xom's mischief]
 58590 | Swamp:2  | Learned a level 5 spell: Freezing Cloud
 58623 | Swamp:1  | XOM: give mutations
 58623 | Swamp:1  | Gained mutation: You are very agile. (Dex +8, Str/Int -2)
                  | [Xom's grace]
 58623 | Swamp:1  | Gained mutation: You are partially covered in iridescent
                  | scales. (AC +2) [Xom's grace]
 58623 | Swamp:1  | Gained mutation: Your flesh is cold resistant. (rC+) [Xom's
                  | grace]
 58777 | Vaults:1 | XOM is BORED!
 58777 | Vaults:1 | XOM: stat loss: -1 Str (11/12)
 59119 | Vaults:1 | XOM: scenery: 1 doors close
 59300 | Vaults:1 | Noticed Nikola
 59314 | Vaults:1 | XOM: summons 16 friendly demons
 59320 | Vaults:1 | Killed Nikola
 59731 | Vaults:2 | XOM: god gift: scroll of fear
 59762 | Vaults:2 | XOM: cast spell 'Chain of Chaos'
 59775 | Vaults:2 | Reached XP level 23. HP: 148/194 MP: 24/43
 59869 | Vaults:2 | XOM: cloud trail
 59877 | Vaults:2 | XOM: scenery: 9 doors open, 1 doors close
 59878 | Vaults:2 | Found Remabida's Antique Armour Emporium.
 59878 | Vaults:2 | XOM: 4-stop teleportation journey
 59899 | Vaults:2 | XOM is BORED!
 59899 | Vaults:2 | XOM: polymorph mana viper -> ice dragon
 59990 | Vaults:2 | XOM: give mutations
 59990 | Vaults:2 | Lost mutation: Your flesh is very heat resistant. (rF++)
                  | [Xom's mischief]
 59990 | Vaults:2 | Lost mutation: You passively map the area around you.
                  | [Xom's mischief]
 59990 | Vaults:2 | Lost mutation: You passively map a small area around you.
                  | [Xom's mischief]
 60085 | Vaults:2 | XOM: summons 1 hostile shadow creature
 60328 | Vaults:2 | XOM: give mutations
 60328 | Vaults:2 | Lost mutation: You are strong-willed. (Will+) [Xom's
                  | mischief]
 60328 | Vaults:2 | Lost mutation: Your mind is very acute. (Int +8, Str/Dex
                  | -2) [Xom's mischief]
 60470 | Vaults:2 | XOM: destruction
 60554 | D:14     | Acquired 805 gold pieces
 60555 | D:14     | Acquired the ring "Riliodgh" {*Corrode MP+9 Int+7}
 60556 | D:14     | Acquired the Volume of Wounds and the Dragon
 60661 | Vaults:2 | Bought a faintly humming cloak for 199 gold pieces
 60661 | Vaults:2 | Identified the +2 cloak "Xah Aro" {Harm Will+ rCorr Int-2}
                  | (You bought it in a shop on level 2 of the Vaults)
 60678 | Vaults:2 | XOM: divination: detect items
 60881 | Vaults:2 | XOM: smoke on damage
 61228 | Vaults:2 | Bought an embroidered robe for 77 gold pieces
 61730 | Vaults:3 | XOM: give mutations
 61730 | Vaults:3 | Lost mutation: You have sharp toenails. [Xom's mischief]
 61730 | Vaults:3 | Lost mutation: You are very robust. (+20% HP) [Xom's
                  | mischief]
 62496 | Vaults:3 | Reached skill level 17 in Spellcasting
 62679 | Vaults:3 | Identified the +2 dagger of Disembowelment {venom, rElec
                  | rF+}
 63008 | Vaults:3 | Found a staircase to the Crypt.
 63008 | Vaults:3 | Found an ancient bone altar of Kikubaaqudgha.
 63008 | Vaults:3 | Found a basalt altar of Yredelemnul.
 63394 | Vaults:4 | XOM: 3-stop teleportation journey
 63852 | Vaults:4 | Reached XP level 24. HP: 171/185 MP: 36/44
 64303 | Vaults:4 | XOM: 3-stop teleportation journey
 64356 | Vaults:4 | XOM: polymorph mana viper -> seven-headed hydra
 64473 | Vaults:4 | XOM: god gift: 57 gold pieces
 64749 | Vaults:4 | XOM: scenery: 2 doors open, 1 doors close
 64917 | Vaults:1 | XOM: draining
 65040 | Lair:3   | XOM: give mutations
 65040 | Lair:3   | Gained mutation: You expend magic power (3 MP) to
                  | strengthen your wands. [Xom's grace]
 65040 | Lair:3   | Gained mutation: You are mostly covered in large bone
                  | plates. (SH +6) [Xom's grace]
 65040 | Lair:3   | Gained mutation: You are mostly covered in iridescent
                  | scales. (AC +4) [Xom's grace]
 65040 | Lair:3   | Gained mutation: You are strong-willed. (Will+) [Xom's
                  | grace]
 65398 | Elf:1    | Entered Level 1 of the Elven Halls
 65431 | Elf:1    | XOM: blink monster(s)
 65522 | Orc:2    | XOM: give mutations
 65522 | Orc:2    | Lost mutation: You are very agile. (Dex +8, Str/Int -2)
                  | [Xom's mischief]
 65522 | Orc:2    | Lost mutation: Your spells are a little harder to cast, but
                  | a little more powerful. [Xom's mischief]
 65649 | Orc:2    | XOM: divination: detect creatures
 65810 | Elf:1    | Found a crumbling gateway.
 65819 | Desolati | Entered the Desolation of Salt
 66191 | Desolati | Found the ring of the Mage {Wiz Archmagi}
 66386 | Desolati | Identified the amulet "Hapinuih" {Reflect Regen+ SH+5}
 66467 | Desolati | Identified the +5 pair of gloves of the Arcane {rN+ rCorr
                  | Dex-5}
 66471 | Desolati | Identified the +0 robe of the Old and Reckless {rF+++ Int-5
                  | Dex+8 SInv}
 66480 | Desolati | Identified the ring of Fudacin {Wiz rN+ Str+2 Dex+3}
 66787 | Desolati | XOM: god gift: scroll of blinking
 66891 | Desolati | Reached skill level 10 in Fighting
 66946 | Desolati | XOM: god gift: dyed leather armour {god gift}
 66962 | Desolati | Identified the +10 trident "Fydghadd" {freeze, rF- Str+3
                  | Dex+3}
 66966 | Desolati | Identified the +0 ring mail of Syndicalism {-Cast Rampage
                  | rElec Int-4}
 67033 | Elf:1    | Got Dispater's Compilation of the Swarm
 67086 | Orc:2    | Bought a scroll of amnesia for 52 gold pieces
 67107 | Orc:2    | Learned a level 9 spell: Chain Lightning
 67259 | Elf:1    | XOM: summons 3 hostile shadow creatures
 67379 | Elf:1    | XOM: god gift: potion of attraction
 67933 | Elf:2    | Paralysed by an air elemental for 1 turns
 68094 | Orc:2    | XOM: cloud trail
 68113 | Orc:2    | XOM: scenery: create altars
 68294 | Slime:1  | Entered Level 1 of the Pits of Slime
 68577 | Slime:5  | Entered Level 5 of the Pits of Slime
 68625 | Slime:5  | Noticed the Royal Jelly
 68631 | Slime:5  | Killed the Royal Jelly
 68632 | Slime:5  | Reached XP level 25. HP: 151/196 MP: 15/44
 68862 | Slime:5  | XOM: polymorph golden eye -> wyvern
 68870 | Slime:5  | Reached skill level 18 in Spellcasting
 68932 | Slime:5  | XOM: god gift: staff of cold
 69024 | Slime:5  | XOM: give mutations
 69024 | Slime:5  | Gained mutation: You are somewhat resistant to both further
                  | mutation and mutation removal. [Xom's grace]
 69024 | Slime:5  | Gained mutation: Your natural rate of healing is unusually
                  | fast. [Xom's grace]
 69075 | Slime:5  | XOM: silly message
 69164 | Slime:5  | XOM: divination: magic mapping
 69174 | Slime:5  | XOM: give mutations
 69174 | Slime:5  | Lost mutation: Your muscles are very strong. (Str +8,
                  | Int/Dex -2) [Xom's mischief]
 69174 | Slime:5  | Lost mutation: You have a pair of large horns on your head.
                  | [Xom's mischief]
 69174 | Slime:5  | Lost mutation: You are mostly covered in iridescent scales.
                  | (AC +4) [Xom's mischief]
 69174 | Slime:5  | Lost mutation: You are agile. (Dex +4, Str/Int -1) [Xom's
                  | mischief]
 69177 | Slime:5  | Reached skill level 10 in Evocations
 69233 | Slime:5  | Identified the ring "Idocenn" {rC++ Will- Int+3 Dex+6}
 69282 | Slime:5  | Identified the +6 scale mail of the Beginning {Fly Int+3
                  | Dex+2}
 69303 | Slime:5  | Got a slimy rune of Zot
 69340 | Slime:5  | Identified the +2 sling of Imbalance {drain, rPois Stlth+}
 69350 | Slime:5  | Identified the +7 quarterstaff of the Tundras {distort,
                  | *Rage rC+ rCorr SInv}
 69443 | Lair:3   | XOM: god gift: scroll of silence
 69721 | Depths:3 | XOM: cleaving
 69723 | Depths:3 | Killed Parghit
 69765 | Depths:4 | Bought a runed hat for 217 gold pieces
 70014 | Crypt:1  | Entered Level 1 of the Crypt
 70946 | Crypt:1  | You fall into a shaft and drop 1 floor!
 70964 | Crypt:2  | XOM: 2-stop teleportation journey
 71110 | Crypt:2  | XOM: scenery: 1 doors open
 71152 | Crypt:2  | XOM: 7-stop teleportation journey
 71940 | Orc:1    | XOM: silly message
 72365 | Elf:2    | Found a runed translucent gate.
 72365 | Elf:2    | Found a runed translucent gate.
 72365 | Elf:2    | Found a runed translucent gate.
 72452 | Elf:2    | Identified the +2 robe "Zetakk" {Str+5}
 72700 | Elf:2    | XOM: 1-stop teleportation journey
 72975 | Elf:2    | Noticed Agnes
 72984 | Elf:2    | Killed Agnes
 73147 | Elf:3    | Entered Level 3 of the Elven Halls
 73686 | Elf:3    | XOM: noise
 73782 | Elf:3    | XOM: silly message
 73783 | Elf:3    | Found Omudom's Armour Shoppe.
 73941 | Orc:2    | Acquired a book of Death
 74254 | Elf:3    | XOM: enchant monster (good)
 74292 | Elf:3    | Found Beowulf's Dragon-Slaying Spoils.
 74332 | Elf:3    | XOM: noise
 74432 | Elf:2    | XOM: divine lightning
 75041 | Elf:2    | XOM: swap monsters
 75297 | Elf:2    | XOM: 8-stop teleportation journey
 75534 | Elf:2    | XOM: swap monsters
 75589 | Elf:2    | XOM: polymorph deep elf elementalist -> death yak
 75742 | Elf:2    | XOM: chaos upgrade
 75743 | Elf:2    | XOM: enchant monster (bad)
 75755 | Elf:2    | XOM: scenery: summon butterflies
 75771 | Elf:2    | XOM: noise
 75779 | Elf:2    | XOM: cleaving
 75782 | Elf:2    | XOM: cast spell 'Dispersal'
 76678 | Crypt:1  | XOM: enchant monster (good)
 76951 | Crypt:2  | XOM: summons 5 hostile demons
 77015 | Crypt:2  | Reached XP level 26. HP: 212/212 MP: 40/45
 77155 | Crypt:2  | Identified the +6 quarterstaff "Qiwkuys" {protect, Str+3}
 77590 | Crypt:2  | XOM: scenery: 3 doors open, 7 doors close
 77720 | Crypt:2  | XOM: scenery: summon butterflies
 77772 | Crypt:3  | Entered Level 3 of the Crypt
 77777 | Crypt:3  | Noticed an ancient lich
 77953 | Crypt:3  | Killed an ancient lich
 77954 | Crypt:3  | Reached skill level 19 in Spellcasting
 78051 | Crypt:3  | XOM: god gift: 2 atropa-tipped darts
 78086 | Crypt:3  | Noticed a dread lich
 78091 | Crypt:3  | Killed a dread lich
 78587 | Crypt:3  | Noticed Grunn
 78589 | Crypt:3  | Killed Grunn
 78831 | Crypt:3  | Found an ancient bone altar of Kikubaaqudgha.
 78975 | Crypt:3  | Reached skill level 10 in Fire Magic
 78998 | Crypt:3  | XOM: divination: detect creatures
 79502 | Elf:2    | XOM: scenery: 1 doors close
 79851 | Elf:3    | Identified the ring of Axto {rF+ rC+ rN+++ Str+6 Int-2}
 79901 | Elf:3    | Identified the ring of Detsiec {Ice rN+++ Will+ MP-9
                  | Stlth+}
 79902 | Elf:3    | XOM: summons 9 friendly demons
 79928 | Elf:3    | Identified the ring of Qanwal {rF+ Slay+4}
 79950 | Elf:3    | Identified the +9 morningstar "Bares" {drain, Dex+5}
 79971 | Elf:3    | Identified the ring of Impatience {+Blink rF+ rC+ Slay-3}
 80154 | Elf:3    | XOM: scenery: create altars
 80827 | Crypt:3  | Found a basalt altar of Yredelemnul.
 80911 | Crypt:3  | XOM: cloud trail
 81191 | Crypt:3  | Got Kikubaaqudgha's Writings on Evil Acts
 81222 | Crypt:3  | Reached XP level 27. HP: 219/225 MP: 43/46
 81227 | Crypt:3  | XOM: fake destruction
 81231 | Crypt:3  | Noticed a dread lich
 81238 | Crypt:3  | Killed a dread lich
 81250 | Crypt:3  | Found the +8 storm bow {elec, penet}
 81272 | Crypt:3  | Identified the +2 dire flail of the Moth {flame, rF+}
 81288 | Crypt:3  | XOM: 2-stop teleportation journey
 81290 | Crypt:3  | Reached skill level 20 in Spellcasting
 81398 | Crypt:3  | Found a staircase to the Tomb.
 81514 | Crypt:3  | XOM: 5-stop teleportation journey
 81586 | Crypt:3  | XOM: cleaving
 82008 | Vaults:5 | Entered Level 5 of the Vaults
 82010 | Vaults:5 | Reached skill level 15 in Fighting
 82061 | Vaults:5 | XOM: noise
 82064 | Vaults:5 | XOM: confuse monster(s)
 82146 | Vaults:5 | XOM: give mutations
 82146 | Vaults:5 | Lost mutation: Your muscles are strong. (Str +4, Int/Dex
                  | -1) [Xom's mischief]
 82146 | Vaults:5 | Lost mutation: Your flesh is heat resistant. (rF+) [Xom's
                  | mischief]
 82146 | Vaults:5 | Lost mutation: You are resistant to electric shocks.
                  | (rElec) [Xom's mischief]
 82160 | Vaults:5 | Noticed a dread lich
 82163 | Vaults:5 | Killed a dread lich
 82206 | Vaults:5 | XOM: 5-stop teleportation journey
 82337 | Vaults:5 | XOM: noise
 82495 | Vaults:5 | Reached skill level 21 in Spellcasting
 82496 | Vaults:5 | XOM: enchant monster (good)
 82622 | Vaults:5 | XOM: summons 10 hostile demons
 82792 | Vaults:5 | XOM: give mutations
 82792 | Vaults:5 | Lost mutation: You are somewhat resistant to both further
                  | mutation and mutation removal. [Xom's mischief]
 82792 | Vaults:5 | Lost mutation: You possess an exceptional clarity of mind.
                  | [Xom's mischief]
 82792 | Vaults:5 | Lost mutation: You are partially covered in iridescent
                  | scales. (AC +2) [Xom's mischief]
 82798 | Vaults:5 | XOM: draining
 82954 | Vaults:5 | XOM: stat loss: -1 Str (10/11)
 83003 | Vaults:5 | Identified the +1 robe of a volcano {rF+}
 83402 | Vaults:5 | Noticed a dread lich
 83403 | Vaults:5 | XOM: divination: magic mapping
 83408 | Vaults:5 | Killed a dread lich
 83466 | Vaults:5 | Identified the +1 robe of Dogma {Int+3}
 83607 | Vaults:5 | XOM: summons 4 hostile demons
 83946 | Vaults:5 | Identified the ring of Lady Luck {rPois rF+ rN++ Str+6}
 83957 | Vaults:5 | Identified the +0 ring mail of the Pleiades {*Corrode
                  | Str+4}
 83978 | Vaults:5 | Got a silver rune of Zot
 84153 | Vaults:5 | Learned a level 9 spell: Fire Storm
 84175 | Vaults:5 | XOM: give mutations
 84175 | Vaults:5 | Lost mutation: You are robust. (+10% HP) [Xom's mischief]
 84175 | Vaults:5 | Lost mutation: You have very sharp fingernails. [Xom's
                  | mischief]
 84467 | Zot:1    | Entered Level 1 of the Realm of Zot
 84604 | Zot:1    | Reached skill level 1 in Transmutations
 84610 | Zot:1    | You fall into a shaft and drop 1 floor!
 84645 | Zot:2    | XOM: silly message
 84832 | Zot:1    | XOM: give mutations
 84832 | Zot:1    | Lost mutation: Your natural rate of healing is unusually
                  | fast. [Xom's mischief]
 84832 | Zot:1    | Lost mutation: You are somewhat resistant to further
                  | mutation. [Xom's mischief]
 84832 | Zot:1    | Gained mutation: You are completely covered in large bone
                  | plates. (SH +8) [Xom's mischief]
 84832 | Zot:1    | Lost mutation: You have sharp fingernails. [Xom's mischief]
 85047 | Zot:1    | XOM: give mutations
 85047 | Zot:1    | Gained mutation: You possess an exceptional clarity of
                  | mind. [Xom's mischief]
 85047 | Zot:1    | Lost mutation: You expend magic power (3 MP) to strengthen
                  | your wands. [Xom's mischief]
 85047 | Zot:1    | Lost mutation: You have a pair of horns on your head.
                  | [Xom's mischief]
 85047 | Zot:1    | Lost mutation: You possess an exceptional clarity of mind.
                  | [Xom's mischief]
 85089 | Zot:1    | XOM: smoke on damage
 85205 | Zot:1    | XOM: summons 4 hostile shadow creatures
 85327 | Zot:1    | XOM: 1-stop teleportation journey
 85332 | Zot:1    | Noticed an orb of fire
 85335 | Zot:1    | XOM: confusion
 85345 | Zot:1    | Killed an orb of fire
 85443 | Zot:1    | XOM: give mutation
 85443 | Zot:1    | Lost mutation: You passively dampen the noise of your
                  | surroundings. [Xom's mischief]
 85491 | Zot:1    | XOM: 2-stop teleportation journey
 85632 | Zot:1    | XOM: silly message
 85972 | Zot:1    | XOM: scenery: create altars
 86193 | Zot:2    | XOM: confuse monster(s)
 86198 | Zot:2    | Reached skill level 5 in Transmutations
 86227 | Zot:1    | XOM: god gift: scroll of silence
 86414 | Zot:2    | XOM: scenery: summon butterflies
 86452 | Zot:2    | XOM: divination: detect creatures
 86688 | Zot:2    | Found a transporter.
 86704 | Zot:2    | Found a transporter.
 86758 | Zot:2    | XOM: god gift: 415 gold pieces
 87016 | Zot:2    | XOM: give mutations
 87016 | Zot:2    | Gained mutation: You are robust. (+10% HP) [Xom's grace]
 87016 | Zot:2    | Gained mutation: You have large cloven feet. [Xom's grace]
 87016 | Zot:2    | Gained mutation: Your system is resistant to poisons.
                  | (rPois) [Xom's grace]
 87541 | Zot:3    | XOM: god gift: 30 gold pieces
 87665 | Zot:3    | Found a transporter.
 87665 | Zot:3    | Found a transporter.
 87665 | Zot:3    | Identified the +0 helmet of Indemnity {rElec Slay+3}
 87665 | Zot:3    | XOM: 4-stop teleportation journey
 87746 | Zot:3    | XOM: scenery: summon butterflies
 87752 | Zot:3    | Noticed an orb of fire
 88063 | Zot:3    | Noticed an orb of fire
 88289 | Zot:3    | Noticed an orb of fire
 88396 | Zot:3    | XOM: god gift: Young Poisoner's Handbook
 88509 | Zot:3    | XOM: god gift: wand of roots (4)
 88669 | Zot:4    | XOM: cleaving
 88834 | Zot:4    | Reached skill level 10 in Necromancy
 89254 | Zot:4    | XOM: scenery: summon butterflies
 89561 | Zot:4    | XOM: give mutations
 89561 | Zot:4    | Gained mutation: You are agile. (Dex +4, Str/Int -1) [Xom's
                  | grace]
 89561 | Zot:4    | Gained mutation: You are partially covered in iridescent
                  | scales. (AC +2) [Xom's grace]
 90269 | Zot:5    | Entered Level 5 of the Realm of Zot
 90392 | Zot:5    | XOM: polymorph mana viper -> five-headed hydra
 90407 | Zot:5    | Identified the amulet "Zuerch" {Regen+ Dex+2} (Xom gifted
                  | it to you on level 5 of the Realm of Zot)
 90407 | Zot:5    | XOM: god gift: amulet "Zuerch" {Regen+ Dex+2}
 90958 | Zot:5    | XOM: summons 1 hostile demon
 91164 | Zot:5    | XOM: noise
 91337 | Zot:5    | XOM: cloud trail
 91339 | Zot:5    | Noticed a Killer Klown
 91343 | Zot:5    | Killed a Killer Klown
 91474 | Zot:5    | Noticed an orb of fire
 91480 | Zot:5    | Noticed a Killer Klown
 91482 | Zot:5    | Killed an orb of fire
 91482 | Zot:5    | Noticed an orb of fire
 91485 | Zot:5    | Noticed a Killer Klown
 91486 | Zot:5    | Noticed an ancient lich
 91491 | Zot:5    | Gained mutation: Your mind is very acute. (Int +8, Str/Dex
                  | -2) [an orb of fire]
 91496 | Zot:5    | Killed a Killer Klown
 91498 | Zot:5    | Killed an orb of fire
 91690 | Zot:5    | Killed an ancient lich
 91709 | Zot:5    | Noticed a Killer Klown
 91812 | Zot:5    | XOM: god gift: potion of might
 91825 | Zot:5    | Killed a Killer Klown
 91833 | Zot:5    | a Killer Klown changed into a four-headed hydra
 91835 | Zot:5    | Reached skill level 22 in Spellcasting
 91851 | Zot:5    | Noticed a Killer Klown
 91857 | Zot:5    | Killed a Killer Klown
 91872 | Zot:5    | Reached skill level 10 in Transmutations
 92164 | Zot:4    | Learned a level 8 spell: Necromutation
 92173 | Zot:4    | Learned a level 7 spell: Enfeeble
 92504 | Orc:2    | Bought a scroll of amnesia for 60 gold pieces
 93094 | Hell     | Entered the Vestibule of Hell
 93094 | Hell     | Noticed Geryon
 93114 | Hell     | XOM: destruction
 93332 | Depths:4 | Bought a potion of cancellation for 128 gold pieces
 93332 | Depths:4 | Bought a potion of invisibility for 128 gold pieces
 93332 | Depths:4 | Bought a potion of haste for 160 gold pieces
 93332 | Depths:4 | Bought a potion of curing for 48 gold pieces
 93332 | Depths:4 | Bought a potion of haste for 160 gold pieces
 93543 | D:10     | XOM: scenery: 1 doors close
 93683 | Snake:4  | Bought a potion of heal wounds for 75 gold pieces
 93683 | Snake:4  | Bought 2 potions of curing for 90 gold pieces
 93683 | Snake:4  | Bought a potion of haste for 150 gold pieces
 93683 | Snake:4  | Bought a potion of heal wounds for 75 gold pieces
 93683 | Snake:4  | Bought a potion of heal wounds for 75 gold pieces
 93683 | Snake:4  | Bought a potion of brilliance for 60 gold pieces
 93683 | Snake:4  | Bought a potion of invisibility for 120 gold pieces
 93888 | D:14     | XOM: give mutation
 93888 | D:14     | Lost mutation: You have large cloven feet. [Xom's grace]
 93888 | D:14     | Gained mutation: You have sharp toenails. [Xom's grace]
 93952 | Vaults:3 | XOM: 2-stop teleportation journey
 94014 | Crypt:1  | XOM: god gift: spear {god gift}
 94277 | Tomb:1   | Entered Level 1 of the Tomb of the Ancients
 94583 | Tomb:1   | XOM: potion effect (haste)
 94640 | Tomb:1   | Identified the +9 spear "Vamy" {freeze, Str+3}
 94774 | Tomb:1   | Noticed a royal mummy
 94780 | Tomb:1   | Noticed a royal mummy
 94781 | Tomb:1   | Killed a royal mummy
 94786 | Tomb:1   | Killed a royal mummy
 94843 | Tomb:1   | Reached skill level 23 in Spellcasting
 95337 | Tomb:1   | XOM: give mutations
 95337 | Tomb:1   | Gained mutation: You have sharp fingernails. [Xom's grace]
 95337 | Tomb:1   | Gained mutation: You are highly strong-willed. (Will++)
                  | [Xom's grace]
 95337 | Tomb:1   | Gained mutation: Your spells are a little harder to cast,
                  | but a little more powerful. [Xom's grace]
 95337 | Tomb:1   | Gained mutation: You have hidden genetic potential. [Xom's
                  | grace]
 95642 | Tomb:1   | XOM: stat loss: -1 Str (8/9)
 95710 | Tomb:2   | Noticed a royal mummy
 95716 | Tomb:2   | Noticed a royal mummy
 95720 | Tomb:2   | XOM: summons 4 hostile demons
 95721 | Tomb:2   | Killed a royal mummy
 95721 | Tomb:2   | Noticed a royal mummy
 95733 | Tomb:2   | Killed a royal mummy
 95734 | Tomb:2   | Noticed a royal mummy
 95736 | Tomb:2   | Killed a royal mummy
 95737 | Tomb:2   | Killed a royal mummy
 95871 | Tomb:2   | Reached skill level 24 in Spellcasting
 95940 | Tomb:2   | Reached skill level 1 in Summonings
 96055 | Tomb:2   | XOM: god gift: leather armour {god gift}
 96139 | Tomb:2   | XOM: 1-stop teleportation journey
 96606 | Tomb:1   | Noticed a royal mummy
 96608 | Tomb:1   | Noticed a royal mummy
 96608 | Tomb:1   | Noticed a royal mummy
 96611 | Tomb:1   | Noticed a royal mummy
 96612 | Tomb:1   | Noticed a royal mummy
 96614 | Tomb:1   | Noticed a royal mummy
 96614 | Tomb:1   | Noticed a royal mummy
 96617 | Tomb:1   | Killed a royal mummy
 96618 | Tomb:1   | Reached skill level 5 in Summonings
 96619 | Tomb:1   | Killed a royal mummy
 96619 | Tomb:1   | Killed a royal mummy
 96620 | Tomb:1   | Killed a royal mummy
 96620 | Tomb:1   | Lost strength.
 96624 | Tomb:1   | Killed a royal mummy
 96624 | Tomb:1   | Killed a royal mummy
 96624 | Tomb:1   | Killed a royal mummy
 96627 | Tomb:1   | Noticed a royal mummy
 96627 | Tomb:1   | Noticed a royal mummy
 96629 | Tomb:1   | Noticed a royal mummy
 97112 | Lair:3   | Killed Orangeyouglad's ghost
 97563 | Zot:2    | XOM: silly message
 97606 | Zot:2    | Identified the ring of Imusulutre {rF+ rCorr Str+6 Int+2
                  | Dex+3}
 97610 | Zot:2    | Identified the +0 pair of boots of the Scribe {rF++}
 97616 | Zot:2    | Identified the ring "Soliaboq" {rPois Int+3 Slay+4}
 97784 | Zot:3    | XOM: 1-stop teleportation journey
 98423 | Elf:2    | XOM: swap monsters
 98488 | Elf:2    | XOM: polymorph deep elf zephyrmancer -> merfolk
 98834 | Elf:1    | XOM: summons 3 hostile shadow creatures
 98875 | Elf:1    | XOM: noise
 99024 | Zig:1    | Entered Level 1 of a ziggurat
 99027 | Zig:1    | XOM: cast spell 'Olgreb's Toxic Radiance'
 99133 | Zig:2    | Entered Level 2 of a ziggurat
 99135 | Zig:2    | Found the amulet of Vitality {RegenMP++ Regen++}
 99186 | Zig:3    | Entered Level 3 of a ziggurat
 99224 | Zig:4    | Entered Level 4 of a ziggurat
 99252 | Zig:5    | Entered Level 5 of a ziggurat
 99256 | Zig:5    | Noticed a dread lich
 99259 | Zig:5    | Killed a dread lich
 99276 | Zig:5    | Identified the staff of cold "Fuyps" {rC+ rN++ Int-5}
 99279 | Zig:5    | Identified the ring of the Hero {Will+ SInv}
 99302 | Zig:6    | XOM: stealth player
 99302 | Zig:6    | Entered Level 6 of a ziggurat
 99308 | Zig:6    | Found the +1 cloak of Starlight {*Dazzle EV+4 Stlth--}
 99309 | Zig:6    | Noticed a dread lich
 99314 | Zig:6    | Killed a dread lich
 99326 | Zig:6    | Identified the amulet "Diechoaz" {Faith -Cast rF+ Str+3}
 99327 | Zig:6    | Gained mutation: You have a pair of horns on your head.
                  | [hidden potential]
 99338 | Zig:7    | Entered Level 7 of a ziggurat
 99342 | Zig:7    | XOM: cast spell 'Summon Small Mammal'
 99344 | Zig:7    | Found the +8 mithril axe "Arga" {speed, Will+}
 99384 | Zig:7    | Identified the +6 quarterstaff of the Slime-mould {drain,
                  | Will- Int+5}
 99410 | Zig:8    | Entered Level 8 of a ziggurat
 99417 | Zig:8    | Identified the +5 tower shield of the Blushing Gods {rF+
                  | Int-3 SInv}
 99421 | Zig:8    | Found the +10 tower shield of Ignorance {rN+ Int-4}
 99452 | Zig:8    | Identified the +0 leather armour "Eliax" {rN+}
 99457 | Zig:8    | Reached skill level 25 in Spellcasting
 99457 | Zig:8    | Reached skill level 10 in Summonings
 99467 | Zig:8    | Learned a level 8 spell: Infestation
 99469 | Zig:9    | Entered Level 9 of a ziggurat
 99473 | Zig:9    | Noticed a dread lich
 99475 | Zig:9    | Killed a dread lich
 99478 | Zig:9    | Noticed a dread lich
 99485 | Zig:9    | Killed a dread lich
 99501 | Zig:9    | Identified the +1 pair of boots of Koczicad {Harm Int-4
                  | Dex+3}
 99506 | Zig:9    | Identified the +7 chain mail "Dyreucs" {Harm Rampage rF+
                  | Str+3 Int-5}
 99541 | Zig:9    | XOM: summons 1 hostile demon
 99544 | Zig:10   | Entered Level 10 of a ziggurat
 99566 | Zig:10   | Identified the staff of fire "Urphoo" {Fragile rF+ rN++}
 99591 | Zig:11   | Entered Level 11 of a ziggurat
 99601 | Zig:11   | Paralysed by an air elemental for 1 turns
 99609 | Zig:11   | Paralysed by an air elemental for 1 turns
 99627 | Zig:11   | Identified the ring of Fod Doph {EV+5 Int+2 Dex+3 SInv}
 99631 | Zig:11   | Identified the staff of air "Jiukes" {rElec Str+4 SInv}
 99637 | Zig:11   | Identified the +2 helmet "Enypiheng" {Rampage Regen+ Dex-5}
 99639 | Zig:11   | Identified the +4 hand axe "Egeenwy" {elec, rF+ Dex+3}
 99702 | Zig:11   | XOM: scenery: summon butterflies
 99715 | Zig:12   | Entered Level 12 of a ziggurat
 99872 | Zig:12   | Identified the staff of cold "Sonlaur" {rC+ Dex+3}
 99878 | Zig:12   | Identified the staff of air "Lokepuh" {rElec Dex+3}
 99883 | Zig:13   | Entered Level 13 of a ziggurat
 99891 | Zig:13   | Found the ring of the Hare {EV+10}
 99893 | Zig:13   | Noticed an ancient lich
 99896 | Zig:13   | Killed an ancient lich
 99958 | Zig:13   | Identified the +3 halberd of the Desolation of Salt {holy,
                  | rF+ Str+3 Int+3}
 99973 | Zig:13   | Identified the ring "Buqoniof" {rElec rPois rN++ Str+6}
 99974 | Zig:13   | Identified the +0 short sword of Anger {drain, Will+}
 99987 | Zig:13   | Identified the +2 leather armour "Cutente Vial" {-Tele rN+
                  | Will+++ Str+6}
 99999 | Zig:13   | Reached skill level 26 in Spellcasting
100004 | Zig:13   | Learned a level 3 spell: Summon Guardian Golem
100017 | Zig:14   | Entered Level 14 of a ziggurat
100035 | Zig:14   | Gained mutation: You passively dampen the noise of your
                  | surroundings. [hidden potential]
100035 | Zig:14   | Lost mutation: You have hidden genetic potential. [hidden
                  | potential expressed]
100067 | Zig:14   | Identified the +0 robe of Kops {Int+2}
100069 | Zig:14   | Identified the +7 dagger "Kego" {heavy, *Noise rElec rCorr
                  | Int+8}
100081 | Zig:14   | Identified the +8 great sword "Iget" {speed, *Noise rPois
                  | rN++ Int+2 Stlth+}
100369 | Zot:3    | Killed an orb of fire
100441 | Zot:1    | XOM: give mutations
100441 | Zot:1    | Gained mutation: You are covered in fur. (AC +1) [Xom's
                  | grace]
100441 | Zot:1    | Gained mutation: Your flesh is heat resistant. (rF+) [Xom's
                  | grace]
100441 | Zot:1    | Gained mutation: You are mostly covered in iridescent
                  | scales. (AC +4) [Xom's grace]
100441 | Zot:1    | Gained mutation: You are somewhat resistant to further
                  | mutation. [Xom's grace]
100497 | Depths:4 | XOM: summons 3 hostile demons
100547 | Hell     | XOM: fog
100552 | Hell     | XOM: destruction
100556 | Hell     | XOM: blink monster(s)
100638 | Hell     | XOM: noise
100977 | Hell     | XOM: potion effect (magic)
100981 | Depths:4 | Reached skill level 27 in Spellcasting
101135 | Hell     | Banished Geryon
101276 | Zot:2    | XOM: silly message
101632 | Zot:4    | You fall into a shaft and drop 1 floor!
102291 | Zot:5    | Noticed a Killer Klown
102293 | Zot:5    | Killed a Killer Klown
102486 | Zot:5    | XOM: 4-stop teleportation journey
102489 | Zot:5    | XOM: divination: magic mapping
102534 | Zot:5    | Noticed an ancient lich
102535 | Zot:5    | XOM: potion effect (attraction)
102536 | Zot:5    | Killed an ancient lich
102568 | Zot:5    | Noticed a Killer Klown
102570 | Zot:5    | Killed a Killer Klown
102583 | Zot:5    | Noticed a Killer Klown
102585 | Zot:5    | Killed a Killer Klown
102673 | Zot:5    | XOM: enchant monster (good)
102760 | Zot:5    | Got the Orb of Zot
102771 | Zot:5    | Learned a level 9 spell: Dragon's Call
102848 | Zot:2    | XOM: god gift: 20 gold pieces
103009 | D:15     | Noticed Monusosm the pandemonium lord
103104 | D:7      | Noticed Byxosics the pandemonium lord
103225 | D:$      | Escaped with the Orb!

Illustrated notes

Levels and vault maps discovered:
D:1:      dpeg_arrival_renting, layout_rooms, amcnicky_mini_corridor_feature,
          minmay_unequal
D:2:      layout_rooms, basic_altar, nicolae_wormholes
D:3:      layout_basic, lemuel_round_altar, gammafunk_ghost_nasty_kobolds,
          uniq_sigmund, uniq_robin
D:4:      layout_gridville, mainiacjoe_overflow_catwalk,
          chequers_serial_rivers_micro_a
D:5:      layout_rooms, minmay_temple_entry_gardened_gates, serial_shops,
          nicolae_stop_n_shop_2
D:6:      layout_basic, serial_shops, nicolae_shop_tiny_statue_garden,
          ebering_ghost_disaster_area, serial_bayou_pond_c,
          hellmonk_bongcloud_opening
D:7:      layout_rooms, mainiacjoe_overflow_alcove_4,
          mainiacjoe_overflow_tiny_flanked, lemuel_coloured_pillars_altar,
          minmay_liquid_box, chequers_serial_rivers_micro_a
D:8:      layout_cave_pods, old_standard_altar, lemuel_tele_altar, uniq_maggie
D:9:      cheibrodos_wizards_tower, layout_basic, ebering_ghost_xom,
          serial_shops, shop, uniq_erica
D:10:     layout_rooms, nicolae_wu_jian_wuxing_cycle, general_overflow_altar,
          grunt_lair_entry_orc_guard_hut, kennysheep_small_square, uniq_erolcha
D:11:     layout_loops_ring, orc_0_dummy
D:12:     evilmike_diamond_1, layout_irregular_city, serial_shops, shop,
          minivault_16
D:13:     layout_small_grid, minivault_5
D:14:     layout_loops_ring, david_vaults_5, dreamdust_wishing_well,
          nicolae_splish_splash
D:15:     gammafunk_enter_depths_forms, layout_irregular_city,
          chequers_serial_rivers_micro_a, uniq_roxanne
Temple:   dshaligram_water_room_temple
Lair:1:   layout_concentric_octagons, nicolae_volcano_entry_batcave,
          serial_bayou_shore_a, infiniplex_staircase_pool
Lair:2:   layout_regular_city, swamp_mist, gauntlet_entry_generic,
          uniq_gastronok
Lair:3:   layout_chaotic_city, dummy_snake_entry, ebering_ghost_reflecting_pool,
          infiniplex_staircase_pool_2, serial_bayou_shore_b,
          serial_bayou_shore_b, grunt_megastairs_1, lemuel_fruit_fields,
          uniq_urug, uniq_nergalle
Lair:4:   layout_regular_city, dpeg_slime_entry_enclosed
Lair:5:   minmay_lair_end_frog_pond, layout_cave_pods
Swamp:1:  layout_basic_swamp, evilmike_swamp_ruin_rubble_1
Swamp:2:  layout_falls_marsh, gammafunk_ghost_necromancy, lemuel_altar_in_water
Swamp:3:  layout_falls_marsh, serial_swamp_ruin, evilmike_swamp_ruin_house_2,
          evilmike_swamp_ruin_house_3, evilmike_swamp_ruin_rubble_2
Swamp:4:  swamp_vile, layout_basic_swamp
Snake:1:  layout_grid_maze, serial_shops, nicolae_shop_dealshenge,
          grunt_megastairs_4
Snake:2:  layout_rooms, nicolae_snake_snakes_in_the_grass
Snake:3:  layout_gridlike
Snake:4:  minmay_snake_end_coiled, layout_cave_town, serial_shops, shop_statue,
          grunt_ministairs_7, guppyfry_snake_island, uniq_aizul
Slime:1:  layout_caves
Slime:2:  layout_caves, nicolae_slime_welcoming_committee
Slime:3:  layout_caves
Slime:4:  cheibrodos_slime_lost_civilization_10, layout_caves
Slime:5
Orc:1:    layout_diamond_mine, minmay_orc_barracks
Orc:2:    pf_orc_diabolical, layout_diamond_mine, minmay_orc_temple_b,
          uniq_nessos
Elf:1:    hangedman_staggered_hall, layout_rooms,
          portal_desolation_entry_nicolae_slug, minmay_elf_demonology
Elf:2:    elven_hall_of_blades_hangedman_original [nicolae_blade_bullseye],
          layout_loops_corners, uniq_agnes
Elf:3:    minmay_elf_hall_not_hex, layout_loops_corners, serial_shops,
          nicolae_shop_mannequins, grunt_ministairs_5, nicolae_shop_dragon_depot
Vaults:1: v_misc_3, ontoclasm_vaults_fault, vaults_mumra_hex,
          nicolae_vaults_little_squares_5, ontoclasm_vaults_decontamination,
          vaults_dpeg_encased_lava, ontoclasm_vaults_twist,
          layout_vaults_omnigrid, uniq_nikola
Vaults:2: nicolae_vaults_c_with_doors, grunt_vaults_funnel, v_pattern_2,
          nicolae_vaults_network_quinsquares
          [nicolae_vaults_network_quincunx_subvault,
          nicolae_vaults_network_quincunx_subvault,
          nicolae_vaults_network_quincunx_subvault,
          nicolae_vaults_network_quincunx_subvault],
          vaults_standard_mumra_lines, ontoclasm_vaults_gateway,
          ontoclasm_vaults_hangar, vaults_dpeg_diagonal, vaults_mumra_lcd,
          nicolae_vaults_alarming, hangedman_vaults_maws,
          vaults_dpeg_emergency_exit, layout_vaults_maze_snakey, serial_shops,
          shop
Vaults:3: grunt_vaults_twisty, vaults_room_octagon, vaults_room_fours,
          v_misc_22, hangedman_vaults_variations, minmay_crypt_entry_necro_gods,
          v_misc_31, nicolae_vaults_big_ls, v_alt_pattern_4,
          vaults_room_hallway, nicolae_vaults_bisected_exclaves,
          nicolae_vaults_back_hallway, vaults_dpeg_hooks,
          grunt_vaults_hallway_short, layout_vaults_ring
Vaults:4: nicolae_vaults_puzzle_piece, v_misc_12, hangedman_vaults_stream,
          v_pattern_3, nicolae_vaults_circle_grid_b, v_misc_5, v_misc_12,
          nicolae_vaults_little_squares_6, layout_vaults_omnibox
Vaults:5: serial_shops
Crypt:1:  layout_chaotic_city, nicolae_crypt_twisting_catacombs, minivault_11,
          nicolae_crypt_small_crypt, nicolae_crypt_little_mausoleum,
          uniq_margery
Crypt:2:  hangedman_hall_of_fallen_heroes, layout_gridlike, chequers_big_river,
          hangedman_weighted_door
Crypt:3:  church_of_pain_bobbens, layout_chaotic_city,
          tomb_entry_sphere_bobbens, lemuel_mausoleum_altar_kikubaaqudgha,
          uniq_grunn
Tomb:1
Tomb:2
Depths:1: layout_gridlike, enter_ziggurat_f, hell_entry, drop_trap,
          grunt_tower_of_power, firewood_loft
Depths:2: grunt_double_whammy, layout_basic, special_room [special_room_morgue],
          basic_altar, hell_entry, grunt_pan_entry_spiral, uniq_vv
Depths:3: kennysheep_blocky_hall, layout_basic, abyss_entry_glasseish,
          grunt_decor_resistance, grunt_hell_horde, infiniplex_staircase_star,
          uniq_parghit
Depths:4: grunt_zot_entry_pinwheel, layout_basic, hex_tiny,
          grunt_hell_entry_dis_old, serial_shops, nicolae_shop_waterfront,
          nicolae_shop_hallway_stairs, nicolae_shop_hallway_stairs,
          kennysheep_random_hallway
Hell
Zot:1:    layout_cathedral_of_symmetry, hangedman_zot_wheel_spokes
Zot:2:    gammafunk_sealed_arena, layout_misc_corridors
Zot:3:    gammafunk_the_bubble [the_bubble_gammafunk_plus_minus],
          layout_misc_corridors, ebering_ghost_rock_garden,
          st_single_dragon_hoard_1, lemuel_elevator
Zot:4:    layout_concentric_octagons, st_stairs_9,
          hangedman_zot_diagonal_lockstep
Zot:5:    layout_concentric_octagons

Skill      XL: |  1  2  3  4  5  6  7  8  9 10 11 12 13 14 15 16 17 18 19 20 21 22 23 24 25 26 27 |
---------------+----------------------------------------------------------------------------------+-----
Shields        | 1 2 3 4 5 |  5.0
Conjurations   | 5 6 7 8 10 12 13 14 15 16 18 19 20 21 | 21.2
Hexes          | 1 2 3 4 5 7 9 10 12 13 14 | 14.0
Spellcasting   | 3 4 5 6 10 11 12 13 14 15 16 17 18 19 27 | 27.0
Fighting       | 2 6 9 10 12 14 19 | 19.1
Stealth        | 3 6 |  6.0
Dodging        | 3 6 9 |  9.0
Necromancy     | 2 6 12 | 12.0
Ice Magic      | 2 3 |  3.0
Air Magic      | 8 10 13 15 16 18 19 20 21 | 21.0
Evocations     | 4 6 9 12 | 12.0
Armour         | 4 5 |  5.0
Fire Magic     | 3 6 8 11 14 | 14.8
Transmutations | 10 | 10.1
Summonings     | 16 | 16.1

Action                     |  1- 3 |  4- 6 |  7- 9 | 10-12 | 13-15 | 16-18 | 19-21 | 22-24 | 25-27 || total
---------------------------+-------+-------+-------+-------+-------+-------+-------+-------+-------++-------
  Melee: Dagger            |     3 |       |     5 |    31 |       |       |       |       |     5 ||    44
         Rapier            |       |    10 |     6 |       |       |       |       |       |       ||    16
         Kick              |       |       |       |     8 |       |       |     7 |     3 |       ||    18
         Staff             |       |       |       |       |       |     1 |       |     1 |       ||     2
         Whip              |       |       |       |       |       |     8 |    22 |    10 |    51 ||    91
         Headbutt          |       |       |       |       |       |     1 |     4 |     2 |    20 ||    27
         Bite              |       |       |       |       |       |       |     1 |       |       ||     1
   Cast: Magic Dart        |    51 |   107 |   110 |    38 |    60 |    34 |     7 |     3 |     7 ||   417
         Searing Ray       |       |    13 |    30 |    16 |    13 |       |       |       |       ||    72
         Slow              |       |       |    25 |    19 |    44 |    58 |       |       |       ||   146
         Fulminant Prism   |       |       |    19 |    71 |   181 |   120 |    49 |       |       ||   440
         Iskenderun's Myst |       |       |       |    31 |    71 |   103 |    74 |    17 |    28 ||   324
         Sublimation of Bl |       |       |       |     1 |     4 |    20 |    71 |   106 |   331 ||   533
         Summon Mana Viper |       |       |       |     1 |     8 |    46 |    23 |   239 |    53 ||   370
         Stone Arrow       |       |       |       |       |    32 |    36 |       |       |       ||    68
         Irradiate         |       |       |       |       |     8 |    23 |    16 |     7 |    19 ||    73
         Yara's Violent Un |       |       |       |       |    17 |   166 |    42 |    78 |    17 ||   320
         Tukima's Dance    |       |       |       |       |    63 |    84 |    23 |    35 |     3 ||   208
         Passwall          |       |       |       |       |     2 |     2 |       |       |       ||     4
         Anguish           |       |       |       |       |       |   167 |    34 |    44 |     3 ||   248
         Plasma Beam       |       |       |       |       |       |    26 |   255 |   114 |   484 ||   879
         Iron Shot         |       |       |       |       |       |     3 |   113 |   178 |   203 ||   497
         Borgnjor's Vile C |       |       |       |       |       |       |    19 |   180 |   109 ||   308
         Freezing Cloud    |       |       |       |       |       |       |       |     8 |       ||     8
         Chain Lightning   |       |       |       |       |       |       |       |     5 |   254 ||   259
         Fire Storm        |       |       |       |       |       |       |       |       |    42 ||    42
         Necromutation     |       |       |       |       |       |       |       |       |    28 ||    28
         Enfeeble          |       |       |       |       |       |       |       |       |    13 ||    13
         Summon Guardian G |       |       |       |       |       |       |       |       |     2 ||     2
         Dragon's Call     |       |       |       |       |       |       |       |       |     1 ||     1
         Infestation       |       |       |       |       |       |       |       |       |     1 ||     1
Ability: End Transformatio |       |       |       |       |       |       |       |       |    15 ||    15
  Evoke: Wand              |       |     3 |     2 |     3 |     7 |       |     6 |     9 |    48 ||    78
         Piece from Xom's  |       |       |     4 |     1 |     1 |       |       |       |       ||     6
         Box of beasts     |       |       |       |       |       |     1 |     1 |       |     1 ||     3
         Phantom mirror    |       |       |       |       |       |       |     1 |     1 |     4 ||     6
    Use: Potion            |       |     1 |       |     5 |     4 |     3 |     7 |     7 |    42 ||    69
         Scroll            |       |       |     8 |    16 |     4 |    14 |    10 |     9 |    24 ||    85
   Stab: Sleeping          |     1 |       |       |     1 |       |       |       |       |       ||     2
 Armour: Robe              |     1 |     5 |     1 |    16 |    13 |    17 |       |     8 |   158 ||   219
         Leather armour    |       |       |       |       |       |    21 |    38 |     8 |       ||    67
  Dodge: Dodged            |     2 |    24 |    29 |    80 |    75 |   155 |   134 |    73 |   194 ||   766
  Block: Buckler           |       |     2 |     8 |    21 |    18 |    78 |   134 |   103 |   602 ||   966
         Reflection        |       |       |       |       |       |    34 |    30 |    70 |   180 ||   314

Table legend: (Time is in decaauts)
 A = Elapsed time spent in this place.
 B = Non-inter-level travel time spent in this place.
 C = Inter-level travel time spent in this place.
 D = Time resting spent in this place.
 E = Time spent auto-exploring this place.
 F = Levels seen in this place.
 G = Mean time per level.
                   A        B        C        D        E       F      G
               +--------+--------+--------+--------+--------+-----+--------+
         Total | 103695 |  89563 |  14132 |  27725 |  33220 |  75 | 1382.6 |
       Dungeon |  22846 |  18257 |   4589 |   4167 |  10239 |  15 | 1523.1 |
        Temple |    142 |    110 |     32 |      0 |     87 |   1 |  142.0 |
          Lair |   8329 |   7078 |   1251 |   1995 |   3422 |   5 | 1665.8 |
         Swamp |   5564 |   5297 |    267 |   2320 |   2087 |   4 | 1391.0 |
     Snake Pit |   7716 |   6997 |    719 |   2831 |   2323 |   4 | 1929.0 |
    Slime Pits |   1117 |   1077 |     40 |    426 |      0 |   5 |  223.4 |
  Orcish Mines |   3994 |   2970 |   1024 |    913 |   1252 |   2 | 1997.0 |
   Elven Halls |   6211 |   5585 |    626 |    928 |   2000 |   3 | 2070.3 |
        Vaults |  10272 |   8672 |   1600 |   1326 |   2785 |   5 | 2054.4 |
         Crypt |   6555 |   5679 |    876 |   1242 |   3066 |   3 | 2185.0 |
          Tomb |   2352 |   2317 |     35 |    873 |    349 |   2 | 1176.0 |
        Depths |  15797 |  13682 |   2115 |   6318 |   2655 |   4 | 3949.2 |
          Hell |     53 |     53 |      0 |      0 |      0 |   1 |   53.0 |
           Zot |  10101 |   9145 |    956 |   3687 |   2891 |   5 | 2020.2 |
      Ziggurat |   1057 |   1057 |      0 |    351 |     49 |  14 |   75.5 |
       Volcano |    397 |    397 |      0 |    173 |      0 |   1 |  397.0 |
    Desolation |   1185 |   1185 |      0 |    173 |     13 |   1 | 1185.0 |
               +--------+--------+--------+--------+--------+-----+--------+

Top non-repeatable levels by time:
Depths:1: 4701 daAuts
Depths:2: 4351 daAuts
Depths:4: 4212 daAuts
 Snake:4: 3019 daAuts
   Orc:2: 2976 daAuts
   Zot:5: 2926 daAuts
 Crypt:3: 2696 daAuts
     D:9: 2546 daAuts
Depths:3: 2531 daAuts
    D:12: 2446 daAuts
    D:15: 2438 daAuts
Vaults:3: 2435 daAuts
Vaults:1: 2378 daAuts
   Elf:3: 2364 daAuts
   Elf:2: 2355 daAuts
